Workbook
Name Segment_Alignement_stratégique: #N/A
Name Segment_Complexité___risque: #N/A
Name Segment_Engagement_politique: #N/A
Name Segment_Impact_attendu: #N/A
Name Segment_Priorité: #N/A
Name Segment_Ressources_dispo: #N/A
Name Segment_Urgence_échéance: #N/A

Sheet Projets 2025 (2)
R1: PLANIFICATION 2025 | AE1: FINANCES
A2: No. | B2: Engagements (CFA) | C2: Nom du projet | D2: Envergure du projet | E2: Premier grand jalon du projet | F2: Période du période (trimestre) | G2: Division | H2: Ressources humaines : as-tu les ressouces humaines pour livrer le projet | I2: Ressources financières : as-tu les ressources financières pour mener à bien le projet | J2: / | K2: Date de fin | L2: Priorité | M2: Matrice | N2: Promoteur·ice | O2: Porteur·e | P2: Équipe-projet | Q2: Notes | R2: Janvier | S2: Février | T2: Mars | U2: Avril | V2: Mai | W2: Juin | X2: Juillet | Y2: Août | Z2: Septembre | AA2: Octobre | AB2: Novembre | AC2: Décembre | AD2: Total | AE2: Projections BF non taggées | AF2: Notes | AG2: Décision suggérée 23/07/2025 | AH2: Commentaires | AI2: Théma
A3: 1 | B3: Déployer des mesures pour favoriser l'inclusion​ | C3: Consultation sur les conditions de succès visant à assurer une intégration harmonieuse des ressources dédiées aux personnes en situation d’itinérance dans les quartiers de la métropole | G3: Stratégie | J3: 45481 | K3: 45838 | L3: P1 | M3: PRIORITÉ STRATÉGIQUE | N3: Andréanne | O3: Annie Lar. | P3: - | R3: 60 | S3: 60 | T3: 0 | U3: 0 | V3: 10 | W3: 20 | X3: 0 | Y3: 0 | Z3: 0 | AA3: 0 | AB3: 0 | AC3: 0 | AD3: =SUM(R3:AC3) -> 150 | AE3: 0 | AF3: Il est possible que des projets additionnels découlent du rapport qui sera produit par l'OCPM. Ceux-ci pourraient engendrer des dépenses supplémentaires imprévues, mais il est probable que les répercussions soient surtout sur l'année financière 2026. | AG3: Terminé
A4: 2 | B4: Déployer des mesures pour favoriser la cohabitation sociale​​ | C4: Politique d'accès aux services municipaux sans peur | G4: Stratégie | L4: P3 | M4: PRIORITÉ STRATÉGIQUE | N4: Andréanne | O4: Marie-Claude | P4: Oui | Q4: Gestion de la carte sans peur par Dina H. Audrey B Audrey M Patricia H | R4: 70 | S4: 70 | T4: 70 | U4: 70 | V4: 70 | W4: 35 | X4: 20 | Y4: 50 | Z4: 50 | AA4: 50 | AB4: 20 | AC4: 10 | AD4: =SUM(R4:AC4) -> 585 | AE4: 0 | AF4: Il est probable que la révision de la Politique d'accès aux services municipaux sans peur engendre le déploiement de nouvelles initiatives qui devront être financées. Cela devrait toutefois surtout se répercuter sur l'année financière 2026. | AG4: Orientations attendues
A5: 4 | B5: Déployer des mesures pour intervenir en matière d'itinérance​ | C5: Par et pour les jeunes 2025-2026 | G5: Programmes | J5: 01-01-2025 | K5: 31-01-2027 | L5: P1 | M5: DO IT | N5: Karine-Myrgianie | O5: Anne Laurence | P5: Mourad Myriam Cateline | R5: 40 | S5: 60 | T5: 70 | U5: 70 | V5: 50 | W5: 50 | X5: 50 | Y5: 50 | Z5: 70 | AA5: 70 | AB5: 70 | AC5: 45 | AD5: =SUM(R5:AC5) -> 695 | AE5: 25000 | AF5: 25 k $ pour offre de service (similaire a 2023) en contrat de service : clé budgétaire encore inconnue (mais approuvé par Jessica). 1M$ du MSP (FBSC) permettant de financer les projets. Total du projet : 1 025 000$ | AG5: En cours
A6: 5 | B6: Réduire les inégalités et lutter contre les discriminations​ | C6: Forum montréalais pour la lutte contre la violence 2025 | G6: Intervention territoriale | J6: 45716 | K6: 45777 | L6: P1 | M6: DO IT | N6: Dina | O6: Cateline | P6: Oui | Q6: événement jour J : 26 avril . | R6: 70 | S6: 85 | T6: 100 | U6: 130 | V6: 20 | W6: 5 | AD6: =SUM(R6:AC6) -> 410 | AE6: 70000 | AF6: clé budgétaire encore inconnue. 70 k$ inclut logistique (salle, traiteur, autres) // demande approuvé par JLB et MJM | AG6: Terminé
A7: 6 | C7: Bilan des réalisations en accessibilité universelle 2024 de la Ville de Montréal | G7: Stratégie | L7: P1 | M7: DO IT | N7: Andréanne | O7: Alix | P7: Annie Laf Cecilia | Q7: Transfert au BC en 2026 | R7: 70 | S7: 35 | T7: 50 | U7: 70 | V7: 70 | W7: 30 | X7: 10 | Y7: 10 | AD7: =SUM(R7:AC7) -> 345 | AG7: En cours
A8: 7 | B8: Soutenir l'aménagement de quartiers inclusifs et résilients (QIR)​ | C8: Plan municipal en accessibilité universelle 2024-2030 | G8: Stratégie | L8: P1 | M8: DO IT | N8: Andréanne | O8: Annie Laf. | P8: Alix Cecilia | Q8: Incluant le transfert vers le BC | AD8: =SUM(R8:AC8) -> 0 | AG8: Terminé | AH8: Transfert en cours au BdC
A9: 8 | C9: Fonds dédiés aux projets de développement d'expertise et de renforcement de capacités en accessibilité universelle (FDPAU) 2025 | G9: Programmes | J9: 45748 | K9: 46082 | L9: P2 | M9: DELEGATE | N9: Thibault | O9: Jean-Pierre | P9: - | R9: 40 | S9: 35 | T9: 40 | U9: 35 | V9: 40 | W9: 35 | X9: 70 | Y9: 30 | Z9: 10 | AA9: 10 | AB9: 10 | AC9: 10 | AD9: =SUM(R9:AC9) -> 365 | AG9: En cours
A10: 9 | B10: Réduire les inégalités et lutter contre les discriminations​ | C10: Innovation en accessibilité universelle | D10: BAS | E10: Octroi du contre de service | F10: T2 2026 | G10: Stratégie | H10: oui | I10: NON | K10: 45930 | L10: P2 | M10: DO IT | N10: Andréanne | O10: Annie Laf. | P10: Oui | R10: 20 | S10: 40 | T10: 30 | U10: 15 | V10: 30 | W10: 15 | X10: 15 | Y10: 30 | Z10: 30 | AA10: 40 | AB10: 40 | AC10: 15 | AD10: =SUM(R10:AC10) -> 320 | AG10: En cours
A11: 10 | B11: Réduire les inégalités et lutter contre les discriminations​ | C11: Bilan de la démarche du chantier en accessibilité universelle 2020-2024 | D11: HAUT | E11: Dépot du bilan | F11: T3 2026 | G11: Stratégie | H11: OUI | I11: NON | L11: P2 | M11: PRIORITÉ STRATÉGIQUE | N11: Andréanne | O11: Annie Laf. | P11: - | R11: 15 | S11: 30 | T11: 30 | U11: 15 | V11: 10 | W11: 0 | X11: 0 | Y11: 0 | Z11: 0 | AA11: 0 | AB11: 0 | AC11: 0 | AD11: =SUM(R11:AC11) -> 100 | AG11: En cours
A12: 11 | C12: Agir ensemble contre la pauvreté et l'exclusion sociale 2024-2029 | G12: Programmes | J12: 01-04-2024 | K12: 30-05-2029 | L12: P1 | M12: DO IT | N12: Geneviève | O12: Yan | P12: Caroline Isabelle Louise-Michel Marcela | R12: =169 -> 169 | S12: =218+291 -> 509 | T12: =480+347 -> 827 | U12: =81+58 -> 139 | AD12: =SUM(R12:AC12) -> 1644 | AG12: En cours
A13: 12 | C13: Stratégie municipale pour les personnes aînées 2023-2030 | G13: Stratégie | L13: P3 | M13: DELEGATE | N13: Andréanne | O13: Phillip | P13: Oui | Q13: Suivi de la stratégie municipale - À intégrer dans le plan SEI. Supprimer la ligne ? | R13: 40 | S13: 28 | T13: 91 | U13: 40 | V13: 40 | W13: 75 | X13: 70 | Y13: 0 | Z13: 0 | AA13: 0 | AB13: 0 | AC13: 0 | AD13: =SUM(R13:AC13) -> 384 | AG13: Terminé | AH13: Affaires courantes
A14: 13 | C14: Campagne ''Témoins, agissons'' - Volet 3 | G14: Stratégie | K14: 46171 | L14: P1 | M14: PRIORITÉ STRATÉGIQUE | N14: Andréanne | O14: Marie-Claude | P14: Oui | Q14: marianne C. participe | R14: 14 | S14: 35 | T14: 35 | U14: 35 | V14: 35 | W14: 35 | X14: 70 | Y14: 70 | Z14: 70 | AA14: 140 | AB14: 140 | AC14: 140 | AD14: =SUM(R14:AC14) -> 819 | AG14: Reporté
A15: 14 | C15: Programme aménagement urbain et inclusif (PAUI) | G15: Programmes | J15: 2022 | K15: Jusqu'à épuisement du budget | L15: P2 | M15: DELEGATE | N15: Thibault | O15: Jean-Pierre | P15: Mourad | Q15: Manque un porteur pour ce dossier | R15: 0 | S15: 5 | T15: 5 | U15: =(19*1)+15+15 -> 49 | V15: =(19*1)+15+15 -> 49 | W15: =(19*1)+15+15 -> 49 | X15: 5 | Y15: 5 | Z15: =W15 -> 49 | AA15: 19 | AB15: 19 | AC15: 5 | AD15: =SUM(R15:AC15) -> 259 | AF15: Info des finances : Le règlement d'emprunt 22-031 Travaux espace public sécuritaire CM22 0997 a été adopté en 2022. Bien que les montants des règlements d'emprunts soient calculés sur la base des hypothèses des coûts annuels (ex. 2022 à 2024 pour le CM22 0997) , les règlements d'emprunts n'ont pas de date de fin tant qu'il y a des crédits disponibles. | AG15: En cours
A16: 15 | C16: Habitations modulaires avec accompagnement | G16: Intervention territoriale | J16: 06-2025 | K16: 03-2035 | L16: P1 | M16: DO IT | N16: Marie-France | O16: Patricia | P16: Audrey B. Audrey M. Gaëlle | R16: 320 | S16: 340 | T16: 340 | U16: 320 | V16: 320 | W16: 320 | X16: 300 | Y16: 300 | Z16: 300 | AA16: 300 | AB16: 300 | AC16: 300 | AD16: =SUM(R16:AC16) -> 3760 | AE16: 1000000 | AF16: 1 Million : pour HMA et SHU | AG16: En cours
A17: 16 | C17: Stratégie de recherche de sites (SHU, HC, HMA) | G17: Intervention territoriale | J17: 02-2025 | K17: 03-2035 | L17: P1 | M17: DO IT | N17: Marie-France | O17: Anthony | R17: 280 | S17: 260 | T17: 260 | U17: 220 | V17: 160 | W17: 160 | X17: 160 | Y17: 200 | Z17: 200 | AA17: 200 | AB17: 200 | AC17: 200 | AD17: =SUM(R17:AC17) -> 2500 | AG17: En cours
A18: 17 | C18: Rapport des échanges du comité ad hoc sur les enjeux et les besoins des personnes ​qui n'accèdent pas à l'hébergement / au logement​ | G18: Intervention territoriale | J18: 45413 | K18: 45716 | L18: P1 | M18: DO IT | N18: Nicolas | O18: Maude | P18: - | R18: 30 | S18: 30 | T18: 30 | U18: 15 | V18: 15 | W18: 10 | X18: 10 | Y18: 10 | Z18: 10 | AA18: 10 | AB18: 10 | AC18: 10 | AD18: =SUM(R18:AC18) -> 190 | AE18: 550000 | AG18: Orientations attendues
A19: 18 | C19: Calculer la pauvreté depuis la pandémie | G19: DIASO | L19: P3 | M19: DELETE | N19: Thibault | O19: Victoria | P19: - | T19: 30 | AD19: =SUM(R19:AC19) -> 30 | AE19: 20000 | AG19: Reporté
A20: 19 | C20: Suivi des plans du Service de la diversité et de l'inclusion sociale (SDIS) | G20: DIASO | J20: 45809 | K20: - | L20: P1 | M20: PRIORITÉ STRATÉGIQUE | N20: Thibault | O20: Louiza | P20: Oui | Q20: Plan en cours de construction dans une logique d'arrimage avec plan AU, ADS+, MADA, réconciliation autochtone, SEI et Montréal 2030 | R20: 0 | S20: 0 | T20: 10 | U20: 10 | V20: 50 | W20: 50 | X20: 10 | Y20: 10 | Z20: 20 | AD20: =SUM(R20:AC20) -> 160 | AE20: 30000 | AG20: En cours
A21: 20 | C21: Accompagnement des organismes à but non lucratif avec enjeux locatifs et soutien financier | G21: Intervention territoriale | L21: P2 | M21: DELEGATE | N21: Nicolas | O21: Ève | P21: Yan | Q21: YMCA (+), Jeunesse au soleil (+), Ali et les princes de la rue, IJQ, CoCo, Transfret progressive en 2026 la période P1 a PROGRAMME | R21: 28 | S21: 28 | T21: 28 | U21: 28 | V21: 28 | W21: 28 | X21: 28 | Y21: 28 | Z21: 28 | AA21: 28 | AB21: 28 | AC21: 28 | AD21: =SUM(R21:AC21) -> 336 | AG21: Orientations attendues | AH21: I.e. : YMCA, Jeunesse au soleil, etc.
A22: 21 | C22: Aide financière aux organismes à but non lucratif locataires 2026 | G22: Stratégie | L22: P2 | M22: DELETE | N22: Andréanne | O22: Rabia | P22: Oui | R22: 0 | S22: 35 | T22: 7 | U22: 7 | V22: 7 | W22: 7 | X22: 0 | Y22: 0 | Z22: 0 | AA22: 0 | AB22: 0 | AC22: 0 | AD22: =SUM(R22:AC22) -> 63 | AG22: Reporté
A23: 22 | C23: Aide financière aux organismes à but non lucratif locataires 2025 | G23: Programmes | J23: 01-03-2025 | K23: 31-12-2025 | L23: P1 | M23: DELEGATE | N23: Karine-Myrgianie | O23: Stéphanie V | P23: Isabelle Maulore | Q23: Mesure OBNL Locataires | R23: 10 | S23: 10 | T23: 10 | U23: 50 | V23: 50 | W23: 50 | X23: 150 | Y23: 150 | Z23: 150 | AA23: 150 | AB23: 150 | AC23: 150 | AD23: =SUM(R23:AC23) -> 1080 | AG23: En cours
A24: 23 | C24: Stratégie de reconnaissance des regroupements d'organismes communautaires | G24: Programmes | K24: 31-dec-2025 | L24: P2 | M24: DELETE | N24: Thibault | O24: Louise-Michel | Q24: on parle d'un déploiement 2026 | AD24: =SUM(R24:AC24) -> 0 | AG24: Orientations attendues
A25: 24 | C25: Offre de service d'accompagnement en accessibilité universelle et analyse différenciée selon les sexes dans une perspective intersectionnelle (ADS+) | G25: Programmes | J25: 01-01-2025 | K25: 31-12-2025 | L25: P1 | M25: DO IT | N25: Thibault | O25: Marie-Anne | P25: Guylaine Karine-Myrgianie Marianne Rabia | Q25: ! tous les produits ADS+ sont contenus ici : communauté de pratique, accompagnement et cohorte ainsi que tous les accompangements AU | R25: 150 | S25: 150 | T25: 150 | U25: 150 | V25: 150 | W25: 150 | AD25: =SUM(R25:AC25) -> 900 | AG25: En cours
A27: 26 | C27: Stratégie de planification, suivi, évaluation et apprentissage (PSEA) | G27: DIASO | L27: P1 | M27: DO IT | N27: Thibault | O27: Louiza | P27: Oui | Q27: Ce projet pourrait être soit terminé soir vu comme la transfo organisationnelle qui reprend les éléments et les amplifie | S27: 40 | T27: 40 | U27: 40 | V27: 40 | W27: 40 | X27: 40 | Y27: 40 | Z27: 40 | AA27: 40 | AB27: 40 | AC27: 40 | AD27: =SUM(R27:AC27) -> 440 | AG27: Terminé | AH27: Basculé dans la T.O. et les processus
A28: 27 | C28: Cadre d’intervention en Accès Loisir (CIALM) 2025-2027 | G28: Programmes | J28: 01-01-2025 | K28: 30-04-2027 | L28: P1 | M28: DELEGATE | N28: Geneviève | O28: Mona | P28: Stéphanie V | R28: 140 | S28: 144 | T28: 140 | U28: 26 | V28: 49 | W28: 14 | X28: 0 | Y28: 0 | Z28: 0 | AA28: 0 | AB28: 0 | AC28: 0 | AD28: =SUM(R28:AC28) -> 513 | AG28: En cours
A29: 28 | C29: Cadre de référence en itinérance 2026-2028 | G29: Stratégie | L29: P3 | M29: DO IT | N29: Andréanne | O29: Annie Lar. | P29: Louise-Michel Maude | R29: 0 | S29: 0 | T29: 0 | U29: 70 | V29: 70 | W29: 70 | X29: 0 | Y29: 70 | Z29: 0 | AA29: 0 | AB29: 0 | AC29: 0 | AD29: =SUM(R29:AC29) -> 280 | AG29: En cours
A30: 29 | C30: Municipalité amie des enfants (MAE) | G30: Stratégie | L30: P4 | M30: DELETE | N30: Marie-Josée | O30: Marie-Josée | P30: - | AD30: =SUM(R30:AC30) -> 0 | AG30: Terminé | AH30: vers le delete
A31: 31 | C31: Décriminalisation de la possession simple de drogues | G31: Stratégie | L31: P4 | M31: DELETE | N31: Marie-Josée | O31: Marie-Josée | P31: - | AD31: =SUM(R31:AC31) -> 0 | AG31: Orientations attendues | AH31: vers le delete
A32: 32 | C32: Centre de prévention de la radicalisation menant à la violence (CPRMV) - Gouvernance | G32: Stratégie | L32: P3 | M32: DELEGATE | N32: Jessica | O32: Jessica | P32: - | R32: 0 | S32: 4 | T32: 0 | U32: 4 | V32: 0 | W32: 4 | X32: 0 | Y32: 0 | Z32: 0 | AA32: 0 | AB32: 0 | AC32: 0 | AD32: =SUM(R32:AC32) -> 12 | AG32: Terminé | AH32: affaires courantes
A33: 33 | C33: Soutien et accompagnement des locataires 2025-2027 | G33: Programmes | J33: 45449 | K33: 46752 | L33: P1 | M33: DELEGATE | N33: Andréanne | O33: Louise-Michel | P33: Marianne Stéphanie M | R33: 119 | S33: 63 | T33: 140 | U33: 28 | AD33: =SUM(R33:AC33) -> 350 | AG33: En cours
A34: 34 | C34: Initiative montréalaise de soutien au développement social local (IMSDSL) 2025 | G34: Intervention territoriale | L34: P2 | M34: PRIORITÉ STRATÉGIQUE | N34: Nicolas | O34: Ève | P34: - | Q34: Incluant le Grand RDV | R34: 50 | S34: 50 | T34: 50 | U34: 50 | V34: 50 | W34: 50 | X34: 30 | Y34: 30 | Z34: 60 | AA34: 60 | AB34: 60 | AC34: 60 | AD34: =SUM(R34:AC34) -> 600 | AG34: En cours
A35: 35 | C35: Cahier de breffage des élu·e·s 2025-2029 | G35: Stratégie | J35: 45658 | K35: 45961 | L35: P2 | M35: PRIORITÉ STRATÉGIQUE | N35: Andréanne | O35: Rabia | P35: Oui | R35: 0 | S35: 0 | T35: 0 | U35: 0 | V35: 0 | W35: 20 | X35: 20 | Y35: 20 | Z35: 40 | AA35: 50 | AB35: 50 | AC35: 0 | AD35: =SUM(R35:AC35) -> 200 | AG35: Orientations à suggérer
A36: 36 | C36: Plan d'action solidarité, équité et inclusion 2026-2030 | G36: Stratégie | J36: 45658 | K36: 46326 | L36: P2 | M36: PRIORITÉ STRATÉGIQUE | N36: Andréanne | O36: Phillip | P36: Marianne Marilyne | R36: 100 | S36: 200 | T36: 200 | U36: 200 | V36: 200 | W36: 200 | X36: 200 | Y36: 200 | Z36: 200 | AA36: 200 | AB36: 200 | AC36: 200 | AD36: =SUM(R36:AC36) -> 2300 | AG36: En cours
A37: 37 | C37: Processus cartographié optimisé de gestion de requêtes au Service de la diversité et de l'inclusion sociale (SDIS) | G37: Intervention territoriale | L37: P1 | M37: DO IT | N37: Thibaullt | O37: Eve | P37: Oui | R37: 16 | S37: 16 | T37: 24 | U37: 24 | V37: 24 | W37: 16 | X37: 16 | Y37: 16 | Z37: 8 | AA37: 8 | AB37: 8 | AC37: 8 | AD37: =SUM(R37:AC37) -> 184 | AE37: 0 | AG37: Terminé | AH37: t
A38: 38 | C38: Cadre stratégique en diversité sexuelle et pluralité des genres | G38: Stratégie | L38: P2 | M38: PRIORITÉ STRATÉGIQUE | N38: Andréanne | O38: Marilyne | P38: Oui | R38: 35 | S38: 85 | T38: 85 | U38: 85 | V38: 85 | W38: 85 | X38: 85 | Y38: 85 | Z38: 85 | AA38: 85 | AB38: 85 | AC38: 85 | AD38: =SUM(R38:AC38) -> 970 | AG38: Orientations attendues | AH38: En cours. Plan SEI ?
A39: 39 | C39: Cadre stratégique en sécurité alimentaire | G39: Stratégie | K39: 46022 | L39: P2 | M39: PRIORITÉ STRATÉGIQUE | N39: Andréanne | O39: Stéphanie M | P39: - | R39: 15 | S39: 35 | T39: 35 | U39: 0 | V39: 70 | W39: 70 | X39: 70 | Y39: 70 | Z39: 70 | AA39: 70 | AB39: 70 | AC39: 70 | AD39: =SUM(R39:AC39) -> 645 | AG39: Orientations attendues | AH39: En cours. Plan SEI ?
A40: 41 | C40: Pré-conférence - 3e Conférence Internationale Francophone LGBTQI | G40: Intervention territoriale | L40: P2 | M40: DELEGATE | N40: Nicolas | O40: Marianne | P40: Oui | R40: 30 | S40: 30 | T40: 25 | U40: 25 | V40: 25 | W40: 25 | X40: 35 | Y40: 35 | Z40: 10 | AA40: 0 | AB40: 0 | AC40: 0 | AD40: =SUM(R40:AC40) -> 240 | AG40: En cours | AH40: affaires courantes
A41: 42 | C41: Montréal Inclusive 2024-2026 | G41: Programmes | J41: 45642 | K41: 46112 | L41: P1 | M41: DO IT | N41: Karine-Myrgianie | O41: Manuel | P41: Anne Laurence Audrey MM Cateline, Gaëlle, Myriam | R41: 420 | S41: 370 | T41: 400 | U41: 250 | V41: 280 | AD41: =SUM(R41:AC41) -> 1720 | AG41: En cours
A42: 43 | C42: ÉMMIS - implantation 3 nouveaux arrondissements zone Centre | G42: PRÉMIS | J42: 45660 | K42: 46022 | L42: P1 | M42: DO IT | N42: Elizabeth | O42: Roxanne | P42: - | R42: 20 | S42: 40 | T42: 70 | U42: 70 | V42: 70 | W42: 70 | X42: 70 | Y42: 70 | Z42: 70 | AA42: 70 | AB42: 70 | AC42: 70 | AD42: =SUM(R42:AC42) -> 760 | AG42: En cours
A43: 44 | C43: ÉMMIS - Implantation - Zone Nord-Ouest | G43: PRÉMIS | J43: 45523 | K43: 46022 | L43: P1 | M43: DO IT | N43: Elizabeth | O43: Stéphanie C | P43: - | R43: 140 | S43: 140 | T43: 140 | U43: 140 | V43: 140 | W43: 140 | X43: 140 | Y43: 140 | Z43: 140 | AA43: 140 | AB43: 140 | AC43: 140 | AD43: =SUM(R43:AC43) -> 1680 | AG43: En cours
A44: 45 | C44: ÉMMIS - Implantation - Zone Nord-Est | G44: PRÉMIS | J44: 45523 | K44: 46022 | L44: P1 | M44: DO IT | N44: Elizabeth | O44: Margaux | P44: - | R44: 70 | S44: 120 | T44: 140 | U44: 140 | V44: 140 | W44: 100 | X44: 100 | Y44: 100 | Z44: 70 | AA44: 70 | AB44: 70 | AC44: 35 | AD44: =SUM(R44:AC44) -> 1155 | AG44: Terminé | AH44: affaires courantes
A45: 46 | C45: ÉMMIS - Implantation - Centrale d'appel 211 et système d'information | G45: PRÉMIS | J45: 45523 | K45: 46014 | L45: P1 | M45: DO IT | N45: Elizabeth | O45: Marie-Joëlle | P45: - | Q45: N'inclut pas intégration 911. | R45: 140 | S45: 140 | T45: 140 | U45: 140 | V45: 140 | W45: 100 | X45: 100 | Y45: 100 | Z45: 70 | AA45: 70 | AB45: 70 | AC45: 35 | AD45: =SUM(R45:AC45) -> 1245 | AG45: Terminé | AH45: affaires courantes
A46: 48 | C46: ÉMMIS - Évaluation projet pilote 2021-2024 | G46: PRÉMIS | J46: 45664 | K46: 45807 | L46: P1 | M46: DO IT | N46: Elizabeth | O46: Camille | P46: Ariane Roxanne | Q46: Accompagnement par André Cliche (Firme SMS). | R46: 90 | S46: 90 | T46: 110 | U46: 110 | V46: 55 | W46: 0 | X46: 0 | Y46: 0 | Z46: 0 | AA46: 0 | AB46: 0 | AC46: 0 | AD46: =SUM(R46:AC46) -> 455 | AE46: 30000 | AF46: Contrat octroyé en gré à gré à SMS (André Cliche) | AG46: Orientations à suggérer
A47: 49 | C47: ÉMMIS - Évaluation 2025-2028 | G47: PRÉMIS | J47: 45698 | K47: 46843 | L47: P1 | M47: DO IT | N47: Elizabeth | O47: Camille | P47: Oui | Q47: Appel d'offre à définir et à réaliser en 2025. Octroi du contrat en 2025. | R47: 0 | S47: 8 | T47: 25 | U47: 45 | V47: 55 | W47: 25 | X47: 25 | Y47: 25 | Z47: 100 | AA47: 100 | AB47: 100 | AC47: 100 | AD47: =SUM(R47:AC47) -> 608 | AE47: 100000 | AG47: Orientations attendues
A48: 25 | C48: EMMIS - Tableau de bord | G48: PRÉMIS | J48: 45544 | K48: 45777 | L48: P1 | M48: DO IT | N48: Elizabeth | P48: Oui | Q48: Outil PowerBI | R48: 70 | S48: 120 | T48: 120 | U48: 120 | AD48: =SUM(R48:AC48) -> 430 | AG48: En cours
C49: EMMIS - Campagne grand public
A50: 50 | C50: 50 - MIFI-Ville - Gestion de l'entente 2024-2026 | G50: Programmes | J50: 45383 | K50: 46112 | L50: P1 | M50: DO IT | N50: Karine-Myrgianie | O50: Manuel | P50: Anne Laurence | AG50: En cours
A51: 51 | C51: Plateforme de suivi des subventions en développement social (SSDS) | G51: Programmes | L51: P1 | M51: DO IT | N51: Thibault | O51: Isabelle | P51: Joëlle | AD51: =SUM(R51:AC51) -> 0 | AG51: En cours
A52: 53 | C52: Prévention Montréal 2023-2025 | G52: Programmes | K52: 31-12-2025 | L52: P1 | M52: DO IT | N52: Karine-Myrgianie | O52: Manuel | P52: Anne Laurence Cateline Pier Alexandre | R52: =40 -> 40 | S52: =40 -> 40 | T52: =50 -> 50 | AD52: =SUM(R52:AC52) -> 130 | AG52: En cours
A53: 54 | C53: Itinérance et milieux inclusifs (PIMI) 2023-2025 | G53: Intervention territoriale | K53: 46022 | L53: P1 | M53: DO IT | N53: Nicolas | O53: Annie Larouche | P53: Maude | R53: 8 | S53: 8 | T53: 8 | U53: 8 | V53: 8 | W53: 8 | AD53: =SUM(R53:AC53) -> 48 | AG53: En cours
A54: 55 | C54: Entente sectorielle de développement en égalité entre les femmes et les hommes 2025-2029 | G54: Intervention territoriale | L54: P1 | M54: DO IT | N54: Dina | O54: Marianne | R54: 10 | S54: 10 | T54: 10 | U54: 10 | V54: 10 | W54: 10 | X54: 10 | AD54: =SUM(R54:AC54) -> 70 | AE54: 250000 | AG54: En cours
A55: 56 | C55: Montréal pour toutes et tous, sans égard au statut 2024-2026 | G55: Intervention territoriale | L55: P1 | M55: DO IT | N55: Dina | O55: Audrey M. | P55: - | R55: 20 | S55: 20 | T55: 20 | U55: 20 | V55: 20 | W55: 35 | AD55: =SUM(R55:AC55) -> 135 | AE55: 2000000 | AG55: En cours
A56: 57 | C56: Alliances pour la solidarité 2018-2024 - Gestion de l'entente | G56: Programmes | J56: 01-04-2018 | K56: 45747 | L56: P1 | M56: DO IT | N56: Geneviève | O56: Isabelle | P56: Yan | R56: 30 | S56: 30 | T56: 30 | AD56: =SUM(R56:AC56) -> 90 | AG56: En cours
A57: 58 | C57: Programme Accès-Loisirs de la Ville de Montréal (PALM) 2023-2025 | G57: Programmes | J57: 01-04-2023 | K57: 45747 | L57: P1 | M57: DO IT | N57: Geneviève | O57: Mourad | P57: - | R57: 10 | S57: 20 | T57: 20 | U57: 30 | AD57: =SUM(R57:AC57) -> 80 | AG57: Terminé
A58: 59 | C58: Programme de reconnaissance et de soutien financier des organismes panmontréalais (PANAM) 2021-2024 | G58: Programmes | K58: 45657 | L58: P1 | M58: DO IT | N58: Geneviève | O58: Mourad | P58: - | R58: 10 | S58: 20 | AD58: =SUM(R58:AC58) -> 30 | AG58: Terminé
A59: 60 | C59: Programme de revitalisation urbaine intégrée (RUI) 2002-2025 | G59: Intervention territoriale | K59: 46022 | L59: P1 | M59: DO IT | N59: Nicolas | O59: Jessyca C. | P59: non | R59: 8 | S59: 8 | T59: 8 | U59: 12 | V59: 12 | W59: 12 | AD59: =SUM(R59:AC59) -> 60 | AG59: Orientations attendues
A60: 61 | C60: Alliances pour la solidarité 2024-2029 - Gestion de l'entente | G60: Programmes | J60: 45748 | K60: 47208 | L60: P1 | M60: DO IT | N60: Karine-Myrgianie | O60: Yan | P60: Louise-Michel Marcela | AD60: =SUM(R60:AC60) -> 0 | AG60: En cours
A61: 62 | C61: Cité-des-hospitalières | G61: Direction | L61: P1 | M61: DO IT | N61: Jessica | O61: Karine | P61: - | Q61: Présentation de la Vision initiale et actualisation de celle-ci suivant les 3 ans d'opération transitoire | R61: 4 | S61: 16 | AD61: =SUM(R61:AC61) -> 20 | AG61: Orientations attendues | AH61: Terminé ?
A62: 63 | C62: Fonds bâtir des communautés plus sûres (FBSC) 2022-2026 - Gestion de l'entente | G62: Programmes | K62: 46387 | L62: P2 | M62: DO IT | N62: Karine-Myrgianie | O62: Mourad | P62: Anne Laurence | AD62: =SUM(R62:AC62) -> 0 | AG62: En cours
A63: 64 | C63: Prévenir et intervenir sur les violences observées sur le territoire (PIVOT) | G63: Intervention territoriale | K63: 46022 | L63: P2 | M63: - | N63: Dina | O63: Cateline | P63: Oui | R63: 10 | S63: 50 | T63: 50 | U63: 50 | V63: 60 | AD63: =SUM(R63:AC63) -> 220 | AG63: En cours
A64: 65 | C64: Quartiers inclusifs et résilients (QIR) | G64: Intervention territoriale | K64: 46022 | L64: P1 | M64: DO IT | N64: Jessica | O64: Jessyca C. | P64: - | R64: 304 | S64: 304 | T64: 304 | U64: 304 | V64: 304 | W64: 304 | X64: 304 | Y64: 304 | Z64: 304 | AA64: 304 | AB64: 304 | AC64: 304 | AG64: En cours
A70: 66 | C70: Grand rendez-vous du développement social | G70: Intervention territoriale | N70: Nicolas | O70: Amélie B. | P70: oui | AG70: En cours
A72: 65 | C72: EMMIS Mise en place d'une démarche de gestion de qualité | G72: PRÉMIS | J72: 45660 | K72: 46112 | L72: P1 | M72: DO IT | N72: Elizabeth | O72: Camille | R72: 60 | S72: 40 | T72: 40 | U72: 129 | V72: 40 | W72: 40 | X72: 129 | Y72: 40 | Z72: 40 | AA72: 129 | AB72: 40 | AC72: 81 | AD72: =SUM(R72:AC72) -> 808 | AG72: En cours
A73: 66 | C73: EMMIS Gestion de la performance | G73: PRÉMIS | J73: 45660 | K73: 46014 | L73: P1 | M73: DO IT | N73: Elizabeth | O73: Ariane | P73: Camille, Marie-Noëlle | Q73: Inclut les volets contractuel, qualité, données des services (tableau de bord) et données désagrégées | R73: 30 | S73: 30 | T73: 30 | U73: 30 | V73: 30 | W73: 60 | X73: 60 | Y73: 60 | Z73: 60 | AA73: 60 | AB73: 60 | AC73: 60 | AD73: =SUM(R73:AC73) -> 570 | AG73: En cours
A74: 67 | C74: EMMIS Formation | G74: PRÉMIS | J74: 45660 | K74: 46014 | L74: P1 | M74: DO IT | N74: Elizabeth | O74: Marie-Joëlle | P74: Margaux | R74: 70 | S74: 20 | T74: 70 | U74: 70 | V74: 70 | W74: 5 | X74: 5 | Y74: 5 | Z74: 5 | AA74: 5 | AB74: 5 | AC74: 5 | AD74: =SUM(R74:AC74) -> 335 | AG74: En cours
A75: 68 | C75: EMMIS Implantation d'une communauté de pratique | G75: PRÉMIS | J75: 45719 | K75: 46014 | L75: P1 | M75: DO IT | N75: Elizabeth | O75: Margaux | P75: Stéphanie C | R75: 0 | S75: 0 | T75: 70 | U75: 70 | V75: 70 | W75: 5 | X75: 5 | Y75: 5 | Z75: 5 | AA75: 5 | AB75: 5 | AC75: 5 | AD75: =SUM(R75:AC75) -> 245 | AG75: En cours
A76: 69 | C76: Planification et mise en opération Centre du jour 2025-2026 | G76: Intervention territoriale | J76: 45777 | K76: 45900 | L76: P1 | N76: Marie-France | O76: Antony | U76: 70 | V76: 70 | W76: 70 | X76: 70 | Y76: 70 | Z76: 70 | AA76: 70 | AD76: =SUM(R76:AC76) -> 490 | AG76: Annulé
A77: 70 | C77: Appel de projet Centre de jour sites LS et STM | G77: Intervention territoriale | J77: 30-04-2025 | K77: 30-08-2025 | N77: Marie-France | O77: Antony | AA77: 50 | AB77: 100 | AC77: 100 | AD77: =SUM(R77:AC77) -> 250 | AG77: Terminé | AH77: Hâlte chaleur (en cours)
A78: 71 | C78: Financements hors programme | G78: Programmes | J78: 45658 | K78: 46014 | L78: P1 | M78: DO IT | N78: Geneviève | O78: Mourad | AG78: En cours
A79: 72 | C79: Approche municipale - Partage de l'espace public | G79: Stratégie | N79: Andréanne | O79: Maude | AG79: Terminé
A80: 73 | C80: Appel de projet HMA - Cohabitation sociale | AG80: En cours
A81: 74 | C81: Interventions de milieu en itinérance et cohabitation sociale dans les installations municipales (ICIM) 2025 | G81: Intervention territoriale | K81: 46022 | M81: DO IT | N81: Nicolas | O81: Jolyane | P81: Stéphanie V Maude | AG81: En cours
A82: 75 | C82: Fonds québécois d'initiatives sociales (FQIS) 2024-2026 | G82: Programmes | J82: 45748 | K82: 31-03-2026 | N82: Geneviève | AG82: En cours
A83: 76 | C83: PAUI 2026-2028 | G83: Programmes | J83: 1er janv. '26 | K83: 31 déc. 2028 | N83: Geneviève | O83: Mourad | P83: Jean-Pierre | Q83: 2e édition de ce programme (PDI). | AG83: À venir | AH83: Orientations à prévoir cet automne (Attentes des arrondissements pour accès au PDI)
C85: Théorie du changement du SDIS | G85: DIASO | J85: 45717 | K85: 45931 | N85: Thibault | O85: Louiza | Q85: Phase 1 : 1ère itération déployé | AG85: En cours | AH85: Plan SEI 26-30
C86: Transformation organisationnelle du SDIS | G86: DIASO | J86: 45658 | K86: 45962 | N86: Thibault | O86: Carolyn | P86: Flavia, Julie, Mona | AG86: En cours
C87: Développer et lancer un parcours de formation en accessibilité universelle pour le personnel de la Ville | AG87: Reporté | AH87: 2026
C88: Mécanisme d'Action Rapide et Intégrée pour les personnes en situation de Vulnérabilité (ARIV) | G88: Intervention territoriale | L88: P4 | N88: Andréanne | O88: Pier Alexandre | Q88: projet se finalise en juin 2025. suivi ombudsman + avec VM. | AG88: En cours
C89: ICIM - Itinérance et infrastructures municipales | G89: Intervention territoriale | N89: Nicolas | O89: Jolyane | AG89: En cours
C90: Trousse d'accompagnement aux arrondissements | N90: Dina | O90: Joelle | AG90: En cours | AH90: 2025-2026
C91: Calendrier SDIS des activités + projets en arrondissements | N91: Dina | O91: Caroline | AG91: En cours
A92: Heures occupées | R92: =SUM(R3:R64) -> 3335 | S92: =SUM(S3:S64) -> 4066 | T92: =SUM(T3:T64) -> 4597 | U92: =SUM(U3:U64) -> 3469 | V92: =SUM(V3:V64) -> 3111 | W92: =SUM(W3:W63) -> 2218 | X92: =SUM(X3:X64) -> 2213 | Y92: =SUM(Y3:Y64) -> 2248 | Z92: =SUM(Z3:Z64) -> 2254 | AA92: =SUM(AA3:AA64) -> 2284 | AB92: =SUM(AB3:AB64) -> 2254 | AC92: =SUM(AC3:AC64) -> 2060 | AD92: =SUM(AD3:AD64) -> 30765 | AE92: =SUM(AE3:AE63) -> 4075000
A93: Heures de travail | R93: =50*35*52/12 -> 7583.3333 | S93: =50*35*52/12 -> 7583.3333 | T93: =50*35*52/12 -> 7583.3333 | U93: =50*35*52/12 -> 7583.3333 | V93: =50*35*52/12 -> 7583.3333 | W93: =50*35*52/12 -> 7583.3333 | X93: =50*35*52/12 -> 7583.3333 | Y93: =50*35*52/12 -> 7583.3333 | ... AC93: =50*35*52/12 -> 7583.3333 | AD93: =SUM(R93:AC93) -> 91000
A94: Absences | AD94: =SUM(R94:AC94) -> 0
A95: Heures disponibles | R95: =R93-R92-R94 -> 4248.3333 | S95: =S93-S92-S94 -> 3517.3333 | T95: =T93-T92-T94 -> 2986.3333 | U95: =U93-U92-U94 -> 4114.3333 | V95: =V93-V92-V94 -> 4472.3333 | W95: =W93-W92-W94 -> 5365.3333 | X95: =X93-X92-X94 -> 5370.3333 | Y95: =Y93-Y92-Y94 -> 5335.3333 | ... AD95: =AD93-AD92-AD94 -> 60235
A96: Ratio d'occupation | R96: =1-(R95/R93) -> 0.43978022 | S96: =1-(S95/S93) -> 0.53617582 | T96: =1-(T95/T93) -> 0.6061978 | U96: =1-(U95/U93) -> 0.45745055 | V96: =1-(V95/V93) -> 0.41024176 | W96: =1-(W95/W93) -> 0.29248352 | X96: =1-(X95/X93) -> 0.29182418 | Y96: =1-(Y95/Y93) -> 0.29643956 | ... AD96: =1-(AD95/AD93) -> 0.33807692
C97: Opération chaleur

Sheet Projets 2025
L1: PLANIFICATION 2025 | Y1: FINANCES
A2: No. | B2: Nom du projet | C2: / | D2: Date de fin | E2: Priorité | F2: Matrice | G2: Division | H2: Promoteur·ice | I2: Porteur·e | J2: Équipe-projet | K2: Notes | L2: Janvier | M2: Février | N2: Mars | O2: Avril | P2: Mai | Q2: Juin | R2: Juillet | S2: Août | T2: Septembre | U2: Octobre | V2: Novembre | W2: Décembre | X2: Total | Y2: Projections BF non taggées | Z2: Notes | AA2: Décision suggérée 23/07/2025 | AB2: Commentaires | AC2: Théma
A3: 1 | B3: Consultation sur les conditions de succès visant à assurer une intégration harmonieuse des ressources dédiées aux personnes en situation d’itinérance dans les quartiers de la métropole | C3: 45481 | D3: 45838 | E3: P1 | F3: PRIORITÉ STRATÉGIQUE | G3: Stratégie | H3: Andréanne | I3: Annie Lar. | J3: - | L3: 60 | M3: 60 | N3: 0 | O3: 0 | P3: 10 | Q3: 20 | R3: 0 | S3: 0 | T3: 0 | U3: 0 | V3: 0 | W3: 0 | X3: =SUM(L3:W3) -> 150 | Y3: 0 | Z3: Il est possible que des projets additionnels découlent du rapport qui sera produit par l'OCPM. Ceux-ci pourraient engendrer des dépenses supplémentaires imprévues, mais il est probable que les répercussions soient surtout sur l'année financière 2026. | AA3: Terminé
A4: 2 | B4: Politique d'accès aux services municipaux sans peur | E4: P3 | F4: PRIORITÉ STRATÉGIQUE | G4: Stratégie | H4: Andréanne | I4: Marie-Claude | J4: Oui | K4: Gestion de la carte sans peur par Dina H. Audrey B Audrey M Patricia H | L4: 70 | M4: 70 | N4: 70 | O4: 70 | P4: 70 | Q4: 35 | R4: 20 | S4: 50 | T4: 50 | U4: 50 | V4: 20 | W4: 10 | X4: =SUM(L4:W4) -> 585 | Y4: 0 | Z4: Il est probable que la révision de la Politique d'accès aux services municipaux sans peur engendre le déploiement de nouvelles initiatives qui devront être financées. Cela devrait toutefois surtout se répercuter sur l'année financière 2026. | AA4: Orientations attendues
A5: 4 | B5: Par et pour les jeunes 2025-2026 | C5: 01-01-2025 | D5: 31-01-2027 | E5: P1 | F5: DO IT | G5: Programmes | H5: Karine-Myrgianie | I5: Anne Laurence | J5: Mourad Myriam Cateline | L5: 40 | M5: 60 | N5: 70 | O5: 70 | P5: 50 | Q5: 50 | R5: 50 | S5: 50 | T5: 70 | U5: 70 | V5: 70 | W5: 45 | X5: =SUM(L5:W5) -> 695 | Y5: 25000 | Z5: 25 k $ pour offre de service (similaire a 2023) en contrat de service : clé budgétaire encore inconnue (mais approuvé par Jessica). 1M$ du MSP (FBSC) permettant de financer les projets. Total du projet : 1 025 000$ | AA5: En cours
A6: 5 | B6: Forum montréalais pour la lutte contre la violence 2025 | C6: 45716 | D6: 45777 | E6: P1 | F6: DO IT | G6: Intervention territoriale | H6: Dina | I6: Cateline | J6: Oui | K6: événement jour J : 26 avril . | L6: 70 | M6: 85 | N6: 100 | O6: 130 | P6: 20 | Q6: 5 | X6: =SUM(L6:W6) -> 410 | Y6: 70000 | Z6: clé budgétaire encore inconnue. 70 k$ inclut logistique (salle, traiteur, autres) // demande approuvé par JLB et MJM | AA6: Terminé
A7: 6 | B7: Bilan des réalisations en accessibilité universelle 2024 de la Ville de Montréal | E7: P1 | F7: DO IT | G7: Stratégie | H7: Andréanne | I7: Alix | J7: Annie Laf Cecilia | K7: Transfert au BC en 2026 | L7: 70 | M7: 35 | N7: 50 | O7: 70 | P7: 70 | Q7: 30 | R7: 10 | S7: 10 | X7: =SUM(L7:W7) -> 345 | AA7: En cours
A8: 7 | B8: Plan municipal en accessibilité universelle 2024-2030 | E8: P1 | F8: DO IT | G8: Stratégie | H8: Andréanne | I8: Annie Laf. | J8: Alix Cecilia | K8: Incluant le transfert vers le BC | X8: =SUM(L8:W8) -> 0 | AA8: Terminé | AB8: Transfert en cours au BdC
A9: 8 | B9: Fonds dédiés aux projets de développement d'expertise et de renforcement de capacités en accessibilité universelle (FDPAU) 2025 | C9: 45748 | D9: 46082 | E9: P2 | F9: DELEGATE | G9: Programmes | H9: Thibault | I9: Jean-Pierre | J9: - | L9: 40 | M9: 35 | N9: 40 | O9: 35 | P9: 40 | Q9: 35 | R9: 70 | S9: 30 | T9: 10 | U9: 10 | V9: 10 | W9: 10 | X9: =SUM(L9:W9) -> 365 | AA9: En cours
A10: 9 | B10: Innovation en accessibilité universelle | D10: 45930 | E10: P2 | F10: DO IT | G10: Stratégie | H10: Andréanne | I10: Annie Laf. | J10: Oui | L10: 20 | M10: 40 | N10: 30 | O10: 15 | P10: 30 | Q10: 15 | R10: 15 | S10: 30 | T10: 30 | U10: 40 | V10: 40 | W10: 15 | X10: =SUM(L10:W10) -> 320 | AA10: En cours | AB10: Alix reprend
A11: 10 | B11: Bilan de la démarche du chantier en accessibilité universelle 2020-2024 | E11: P2 | F11: PRIORITÉ STRATÉGIQUE | G11: Stratégie | H11: Andréanne | I11: Annie Laf. | J11: - | L11: 15 | M11: 30 | N11: 30 | O11: 15 | P11: 10 | Q11: 0 | R11: 0 | S11: 0 | T11: 0 | U11: 0 | V11: 0 | W11: 0 | X11: =SUM(L11:W11) -> 100 | AA11: En cours
A12: 11 | B12: Agir ensemble contre la pauvreté et l'exclusion sociale 2024-2029 | C12: 01-04-2024 | D12: 30-05-2029 | E12: P1 | F12: DO IT | G12: Programmes | H12: Geneviève | I12: Yan | J12: Caroline Isabelle Louise-Michel Marcela | L12: =169 -> 169 | M12: =218+291 -> 509 | N12: =480+347 -> 827 | O12: =81+58 -> 139 | X12: =SUM(L12:W12) -> 1644 | AA12: En cours
A13: 12 | B13: Stratégie municipale pour les personnes aînées 2023-2030 | E13: P3 | F13: DELEGATE | G13: Stratégie | H13: Andréanne | I13: Phillip | J13: Oui | K13: Suivi de la stratégie municipale - À intégrer dans le plan SEI. Supprimer la ligne ? | L13: 40 | M13: 28 | N13: 91 | O13: 40 | P13: 40 | Q13: 75 | R13: 70 | S13: 0 | T13: 0 | U13: 0 | V13: 0 | W13: 0 | X13: =SUM(L13:W13) -> 384 | AA13: Terminé | AB13: Affaires courantes
A14: 13 | B14: Campagne ''Témoins, agissons'' - Volet 3 | D14: 46171 | E14: P1 | F14: PRIORITÉ STRATÉGIQUE | G14: Stratégie | H14: Andréanne | I14: Marie-Claude | J14: Oui | K14: marianne C. participe | L14: 14 | M14: 35 | N14: 35 | O14: 35 | P14: 35 | Q14: 35 | R14: 70 | S14: 70 | T14: 70 | U14: 140 | V14: 140 | W14: 140 | X14: =SUM(L14:W14) -> 819 | AA14: Reporté
A15: 14 | B15: Programme aménagement urbain et inclusif (PAUI) | C15: 2022 | D15: Jusqu'à épuisement du budget | E15: P2 | F15: DELEGATE | G15: Programmes | H15: Thibault | I15: Jean-Pierre | J15: Mourad | K15: Manque un porteur pour ce dossier | L15: 0 | M15: 5 | N15: 5 | O15: =(19*1)+15+15 -> 49 | P15: =(19*1)+15+15 -> 49 | Q15: =(19*1)+15+15 -> 49 | R15: 5 | S15: 5 | T15: =Q15 -> 49 | U15: 19 | V15: 19 | W15: 5 | X15: =SUM(L15:W15) -> 259 | Z15: Info des finances : Le règlement d'emprunt 22-031 Travaux espace public sécuritaire CM22 0997 a été adopté en 2022. Bien que les montants des règlements d'emprunts soient calculés sur la base des hypothèses des coûts annuels (ex. 2022 à 2024 pour le CM22 0997) , les règlements d'emprunts n'ont pas de date de fin tant qu'il y a des crédits disponibles. | AA15: En cours
A16: 15 | B16: Habitations modulaires avec accompagnement | C16: 06-2025 | D16: 03-2035 | E16: P1 | F16: DO IT | G16: Intervention territoriale | H16: Marie-France | I16: Patricia | J16: Audrey B. Audrey M. Gaëlle | L16: 320 | M16: 340 | N16: 340 | O16: 320 | P16: 320 | Q16: 320 | R16: 300 | S16: 300 | T16: 300 | U16: 300 | V16: 300 | W16: 300 | X16: =SUM(L16:W16) -> 3760 | Y16: 1000000 | Z16: 1 Million : pour HMA et SHU | AA16: En cours
A17: 16 | B17: Stratégie de recherche de sites (SHU, HC, HMA) | C17: 02-2025 | D17: 03-2035 | E17: P1 | F17: DO IT | G17: Intervention territoriale | H17: Marie-France | I17: Anthony | L17: 280 | M17: 260 | N17: 260 | O17: 220 | P17: 160 | Q17: 160 | R17: 160 | S17: 200 | T17: 200 | U17: 200 | V17: 200 | W17: 200 | X17: =SUM(L17:W17) -> 2500 | AA17: En cours
A18: 17 | B18: Rapport des échanges du comité ad hoc sur les enjeux et les besoins des personnes ​qui n'accèdent pas à l'hébergement / au logement​ | C18: 45413 | D18: 45716 | E18: P1 | F18: DO IT | G18: Intervention territoriale | H18: Nicolas | I18: Maude | J18: - | L18: 30 | M18: 30 | N18: 30 | O18: 15 | P18: 15 | Q18: 10 | R18: 10 | S18: 10 | T18: 10 | U18: 10 | V18: 10 | W18: 10 | X18: =SUM(L18:W18) -> 190 | Y18: 550000 | AA18: Terminé
A19: 18 | B19: Calculer la pauvreté depuis la pandémie | E19: P3 | F19: DELETE | G19: DIASO | H19: Thibault | I19: Victoria | J19: - | N19: 30 | X19: =SUM(L19:W19) -> 30 | Y19: 20000 | AA19: Reporté
A20: 19 | B20: Suivi des plans du Service de la diversité et de l'inclusion sociale (SDIS) | C20: 45809 | D20: - | E20: P1 | F20: PRIORITÉ STRATÉGIQUE | G20: DIASO | H20: Thibault | I20: Louiza | J20: Oui | K20: Plan en cours de construction dans une logique d'arrimage avec plan AU, ADS+, MADA, réconciliation autochtone, SEI et Montréal 2030 | L20: 0 | M20: 0 | N20: 10 | O20: 10 | P20: 50 | Q20: 50 | R20: 10 | S20: 10 | T20: 20 | X20: =SUM(L20:W20) -> 160 | Y20: 30000 | AA20: En cours
A21: 20 | B21: Accompagnement des organismes à but non lucratif avec enjeux locatifs et soutien financier | E21: P2 | F21: DELEGATE | G21: Intervention territoriale | H21: Nicolas | I21: Ève | J21: Yan | K21: YMCA (+), Jeunesse au soleil (+), Ali et les princes de la rue, IJQ, CoCo, Transfret progressive en 2026 la période P1 a PROGRAMME | L21: 28 | M21: 28 | N21: 28 | O21: 28 | P21: 28 | Q21: 28 | R21: 28 | S21: 28 | T21: 28 | U21: 28 | V21: 28 | W21: 28 | X21: =SUM(L21:W21) -> 336 | AA21: Orientations attendues | AB21: I.e. : YMCA, Jeunesse au soleil, etc.
A22: 21 | B22: Aide financière aux organismes à but non lucratif locataires 2026 | E22: P2 | F22: DELETE | G22: Stratégie | H22: Andréanne | I22: Rabia | J22: Oui | L22: 0 | M22: 35 | N22: 7 | O22: 7 | P22: 7 | Q22: 7 | R22: 0 | S22: 0 | T22: 0 | U22: 0 | V22: 0 | W22: 0 | X22: =SUM(L22:W22) -> 63 | AA22: Reporté
A23: 22 | B23: Aide financière aux organismes à but non lucratif locataires 2025 | C23: 01-03-2025 | D23: 31-12-2025 | E23: P1 | F23: DELEGATE | G23: Programmes | H23: Karine-Myrgianie | I23: Stéphanie V | J23: Isabelle Maulore | K23: Mesure OBNL Locataires | L23: 10 | M23: 10 | N23: 10 | O23: 50 | P23: 50 | Q23: 50 | R23: 150 | S23: 150 | T23: 150 | U23: 150 | V23: 150 | W23: 150 | X23: =SUM(L23:W23) -> 1080 | AA23: En cours
A24: 23 | B24: Stratégie de reconnaissance des regroupements d'organismes communautaires | D24: 31-dec-2025 | E24: P2 | F24: DELETE | G24: Programmes | H24: Thibault | I24: Louise-Michel | K24: on parle d'un déploiement 2026 | X24: =SUM(L24:W24) -> 0 | AA24: Orientations attendues
A25: 24 | B25: Offre de service d'accompagnement en accessibilité universelle et analyse différenciée selon les sexes dans une perspective intersectionnelle (ADS+) | C25: 01-01-2025 | D25: 31-12-2025 | E25: P1 | F25: DO IT | G25: Programmes | H25: Thibault | I25: Marie-Anne | J25: Guylaine Karine-Myrgianie Marianne Rabia | K25: ! tous les produits ADS+ sont contenus ici : communauté de pratique, accompagnement et cohorte ainsi que tous les accompangements AU | L25: 150 | M25: 150 | N25: 150 | O25: 150 | P25: 150 | Q25: 150 | X25: =SUM(L25:W25) -> 900 | AA25: En cours
A26: 25 | B26: Tableau de bord services ÉMMIS | C26: 45544 | D26: 45777 | E26: P1 | F26: DO IT | G26: PRÉMIS | H26: Elizabeth | J26: Oui | K26: Outil PowerBI | L26: 70 | M26: 120 | N26: 120 | O26: 120 | X26: =SUM(L26:W26) -> 430 | AA26: En cours
A27: 26 | B27: Stratégie de planification, suivi, évaluation et apprentissage (PSEA) | E27: P1 | F27: DO IT | G27: DIASO | H27: Thibault | I27: Louiza | J27: Oui | K27: Ce projet pourrait être soit terminé soir vu comme la transfo organisationnelle qui reprend les éléments et les amplifie | M27: 40 | N27: 40 | O27: 40 | P27: 40 | Q27: 40 | R27: 40 | S27: 40 | T27: 40 | U27: 40 | V27: 40 | W27: 40 | X27: =SUM(L27:W27) -> 440 | AA27: Terminé | AB27: Basculé dans la T.O. et les processus
A28: 27 | B28: Cadre d’intervention en Accès Loisir (CIALM) 2025-2027 | C28: 01-01-2025 | D28: 30-04-2027 | E28: P1 | F28: DELEGATE | G28: Programmes | H28: Geneviève | I28: Mona | J28: Stéphanie V | L28: 140 | M28: 144 | N28: 140 | O28: 26 | P28: 49 | Q28: 14 | R28: 0 | S28: 0 | T28: 0 | U28: 0 | V28: 0 | W28: 0 | X28: =SUM(L28:W28) -> 513 | AA28: En cours
A29: 28 | B29: Cadre de référence en itinérance 2026-2028 | E29: P3 | F29: DO IT | G29: Stratégie | H29: Andréanne | I29: Annie Lar. | J29: Louise-Michel Maude | L29: 0 | M29: 0 | N29: 0 | O29: 70 | P29: 70 | Q29: 70 | R29: 0 | S29: 70 | T29: 0 | U29: 0 | V29: 0 | W29: 0 | X29: =SUM(L29:W29) -> 280 | AA29: En cours
A30: 29 | B30: Municipalité amie des enfants (MAE) | E30: P4 | F30: DELETE | G30: Stratégie | H30: Marie-Josée | I30: Marie-Josée | J30: - | X30: =SUM(L30:W30) -> 0 | AA30: Terminé | AB30: vers le delete
A31: 31 | B31: Décriminalisation de la possession simple de drogues | E31: P4 | F31: DELETE | G31: Stratégie | H31: Marie-Josée | I31: Marie-Josée | J31: - | X31: =SUM(L31:W31) -> 0 | AA31: En cours | AB31: vers le delete
A32: 32 | B32: Centre de prévention de la radicalisation menant à la violence (CPRMV) - Gouvernance | E32: P3 | F32: DELEGATE | G32: Stratégie | H32: Jessica | I32: Jessica | J32: - | L32: 0 | M32: 4 | N32: 0 | O32: 4 | P32: 0 | Q32: 4 | R32: 0 | S32: 0 | T32: 0 | U32: 0 | V32: 0 | W32: 0 | X32: =SUM(L32:W32) -> 12 | AA32: Terminé | AB32: affaires courantes
A33: 33 | B33: Soutien et accompagnement des locataires 2025-2027 | C33: 45449 | D33: 46752 | E33: P1 | F33: DELEGATE | G33: Programmes | H33: Andréanne | I33: Louise-Michel | J33: Marianne Stéphanie M | L33: 119 | M33: 63 | N33: 140 | O33: 28 | X33: =SUM(L33:W33) -> 350 | AA33: En cours
A34: 34 | B34: Initiative montréalaise de soutien au développement social local (IMSDSL) 2025 | E34: P2 | F34: PRIORITÉ STRATÉGIQUE | G34: Intervention territoriale | H34: Nicolas | I34: Ève | J34: - | K34: Incluant le Grand RDV | L34: 50 | M34: 50 | N34: 50 | O34: 50 | P34: 50 | Q34: 50 | R34: 30 | S34: 30 | T34: 60 | U34: 60 | V34: 60 | W34: 60 | X34: =SUM(L34:W34) -> 600 | AA34: En cours
A35: 35 | B35: Cahier de breffage des élu·e·s 2025-2029 | C35: 45658 | D35: 45961 | E35: P2 | F35: PRIORITÉ STRATÉGIQUE | G35: Stratégie | H35: Andréanne | I35: Rabia | J35: Oui | L35: 0 | M35: 0 | N35: 0 | O35: 0 | P35: 0 | Q35: 20 | R35: 20 | S35: 20 | T35: 40 | U35: 50 | V35: 50 | W35: 0 | X35: =SUM(L35:W35) -> 200 | AA35: En cours
A36: 36 | B36: Plan d'action solidarité, équité et inclusion 2026-2030 | C36: 45658 | D36: 46326 | E36: P2 | F36: PRIORITÉ STRATÉGIQUE | G36: Stratégie | H36: Andréanne | I36: Phillip | J36: Marianne Marilyne | L36: 100 | M36: 200 | N36: 200 | O36: 200 | P36: 200 | Q36: 200 | R36: 200 | S36: 200 | T36: 200 | U36: 200 | V36: 200 | W36: 200 | X36: =SUM(L36:W36) -> 2300 | AA36: En cours
A37: 37 | B37: Processus cartographié optimisé de gestion de requêtes au Service de la diversité et de l'inclusion sociale (SDIS) | E37: P1 | F37: DO IT | G37: Intervention territoriale | H37: Thibaullt | I37: Eve | J37: Oui | L37: 16 | M37: 16 | N37: 24 | O37: 24 | P37: 24 | Q37: 16 | R37: 16 | S37: 16 | T37: 8 | U37: 8 | V37: 8 | W37: 8 | X37: =SUM(L37:W37) -> 184 | Y37: 0 | AA37: Terminé | AB37: t
A38: 38 | B38: Cadre stratégique en diversité sexuelle et pluralité des genres | E38: P2 | F38: PRIORITÉ STRATÉGIQUE | G38: Stratégie | H38: Andréanne | I38: Marilyne | J38: Oui | L38: 35 | M38: 85 | N38: 85 | O38: 85 | P38: 85 | Q38: 85 | R38: 85 | S38: 85 | T38: 85 | U38: 85 | V38: 85 | W38: 85 | X38: =SUM(L38:W38) -> 970 | AA38: Terminé | AB38: En cours. Plan SEI ?
A39: 39 | B39: Cadre stratégique en sécurité alimentaire | D39: 46022 | E39: P2 | F39: PRIORITÉ STRATÉGIQUE | G39: Stratégie | H39: Andréanne | I39: Stéphanie M | J39: - | L39: 15 | M39: 35 | N39: 35 | O39: 0 | P39: 70 | Q39: 70 | R39: 70 | S39: 70 | T39: 70 | U39: 70 | V39: 70 | W39: 70 | X39: =SUM(L39:W39) -> 645 | AA39: Orientations attendues | AB39: En cours. Plan SEI ?
A40: 41 | B40: Pré-conférence - 3e Conférence Internationale Francophone LGBTQI | E40: P2 | F40: DELEGATE | G40: Intervention territoriale | H40: Nicolas | I40: Marianne | J40: Oui | L40: 30 | M40: 30 | N40: 25 | O40: 25 | P40: 25 | Q40: 25 | R40: 35 | S40: 35 | T40: 10 | U40: 0 | V40: 0 | W40: 0 | X40: =SUM(L40:W40) -> 240 | AA40: En cours | AB40: affaires courantes
A41: 42 | B41: Montréal Inclusive 2024-2026 | C41: 45642 | D41: 46112 | E41: P1 | F41: DO IT | G41: Programmes | H41: Karine-Myrgianie | I41: Manuel | J41: Anne Laurence Audrey MM Cateline, Gaëlle, Myriam | L41: 420 | M41: 370 | N41: 400 | O41: 250 | P41: 280 | X41: =SUM(L41:W41) -> 1720 | AA41: En cours
A42: 43 | B42: ÉMMIS - implantation 3 nouveaux arrondissements zone Centre | C42: 45660 | D42: 46022 | E42: P1 | F42: DO IT | G42: PRÉMIS | H42: Elizabeth | I42: Roxanne | J42: - | L42: 20 | M42: 40 | N42: 70 | O42: 70 | P42: 70 | Q42: 70 | R42: 70 | S42: 70 | T42: 70 | U42: 70 | V42: 70 | W42: 70 | X42: =SUM(L42:W42) -> 760 | AA42: En cours
A43: 44 | B43: ÉMMIS - Implantation - Zone Nord-Ouest | C43: 45523 | D43: 46022 | E43: P1 | F43: DO IT | G43: PRÉMIS | H43: Elizabeth | I43: Stéphanie C | J43: - | L43: 140 | M43: 140 | N43: 140 | O43: 140 | P43: 140 | Q43: 140 | R43: 140 | S43: 140 | T43: 140 | U43: 140 | V43: 140 | W43: 140 | X43: =SUM(L43:W43) -> 1680 | AA43: En cours
A44: 45 | B44: ÉMMIS - Implantation - Zone Nord-Est | C44: 45523 | D44: 46022 | E44: P1 | F44: DO IT | G44: PRÉMIS | H44: Elizabeth | I44: Margaux | J44: - | L44: 70 | M44: 120 | N44: 140 | O44: 140 | P44: 140 | Q44: 100 | R44: 100 | S44: 100 | T44: 70 | U44: 70 | V44: 70 | W44: 35 | X44: =SUM(L44:W44) -> 1155 | AA44: Terminé | AB44: affaires courantes
A45: 46 | B45: ÉMMIS - Implantation - Centrale d'appel 211 et système d'information | C45: 45523 | D45: 46014 | E45: P1 | F45: DO IT | G45: PRÉMIS | H45: Elizabeth | I45: Marie-Joëlle | J45: - | K45: N'inclut pas intégration 911. | L45: 140 | M45: 140 | N45: 140 | O45: 140 | P45: 140 | Q45: 100 | R45: 100 | S45: 100 | T45: 70 | U45: 70 | V45: 70 | W45: 35 | X45: =SUM(L45:W45) -> 1245 | AA45: Terminé | AB45: affaires courantes
A46: 48 | B46: ÉMMIS - Évaluation projet pilote 2021-2024 | C46: 45664 | D46: 45807 | E46: P1 | F46: DO IT | G46: PRÉMIS | H46: Elizabeth | I46: Camille | J46: Ariane Roxanne | K46: Accompagnement par André Cliche (Firme SMS). | L46: 90 | M46: 90 | N46: 110 | O46: 110 | P46: 55 | Q46: 0 | R46: 0 | S46: 0 | T46: 0 | U46: 0 | V46: 0 | W46: 0 | X46: =SUM(L46:W46) -> 455 | Y46: 30000 | Z46: Contrat octroyé en gré à gré à SMS (André Cliche) | AA46: En cours
A47: 49 | B47: ÉMMIS - Évaluation 2025-2028 | C47: 45698 | D47: 46843 | E47: P1 | F47: DO IT | G47: PRÉMIS | H47: Elizabeth | I47: Camille | J47: Oui | K47: Appel d'offre à définir et à réaliser en 2025. Octroi du contrat en 2025. | L47: 0 | M47: 8 | N47: 25 | O47: 45 | P47: 55 | Q47: 25 | R47: 25 | S47: 25 | T47: 100 | U47: 100 | V47: 100 | W47: 100 | X47: =SUM(L47:W47) -> 608 | Y47: 100000 | AA47: En cours
A48: 50 | B48: 50 - MIFI-Ville - Gestion de l'entente 2024-2026 | C48: 45383 | D48: 46112 | E48: P1 | F48: DO IT | G48: Programmes | H48: Karine-Myrgianie | I48: Manuel | J48: Anne Laurence | AA48: En cours
A49: 51 | B49: Plateforme de suivi des subventions en développement social (SSDS) | E49: P1 | F49: DO IT | G49: Programmes | H49: Thibault | I49: Isabelle | J49: Joëlle | X49: =SUM(L49:W49) -> 0 | AA49: En cours
A50: 53 | B50: Prévention Montréal 2023-2025 | D50: 31-12-2025 | E50: P1 | F50: DO IT | G50: Programmes | H50: Karine-Myrgianie | I50: Manuel | J50: Anne Laurence Cateline Pier Alexandre | L50: =40 -> 40 | M50: =40 -> 40 | N50: =50 -> 50 | X50: =SUM(L50:W50) -> 130 | AA50: En cours
A51: 54 | B51: Itinérance et milieux inclusifs (PIMI) 2023-2025 | D51: 46022 | E51: P1 | F51: DO IT | G51: Intervention territoriale | H51: Nicolas | I51: Annie Larouche | J51: Maude | L51: 8 | M51: 8 | N51: 8 | O51: 8 | P51: 8 | Q51: 8 | X51: =SUM(L51:W51) -> 48 | AA51: En cours
A52: 55 | B52: Entente sectorielle de développement en égalité entre les femmes et les hommes 2025-2029 | E52: P1 | F52: DO IT | G52: Intervention territoriale | H52: Dina | I52: Marianne | L52: 10 | M52: 10 | N52: 10 | O52: 10 | P52: 10 | Q52: 10 | R52: 10 | X52: =SUM(L52:W52) -> 70 | Y52: 250000 | AA52: En cours
A53: 56 | B53: Montréal pour toutes et tous, sans égard au statut 2024-2026 | E53: P1 | F53: DO IT | G53: Intervention territoriale | H53: Dina | I53: Audrey M. | J53: - | L53: 20 | M53: 20 | N53: 20 | O53: 20 | P53: 20 | Q53: 35 | X53: =SUM(L53:W53) -> 135 | Y53: 2000000 | AA53: En cours
A54: 57 | B54: Alliances pour la solidarité 2018-2024 - Gestion de l'entente | C54: 01-04-2018 | D54: 45747 | E54: P1 | F54: DO IT | G54: Programmes | H54: Geneviève | I54: Isabelle | J54: Yan | L54: 30 | M54: 30 | N54: 30 | X54: =SUM(L54:W54) -> 90 | AA54: En cours
A55: 58 | B55: Programme Accès-Loisirs de la Ville de Montréal (PALM) 2023-2025 | C55: 01-04-2023 | D55: 45747 | E55: P1 | F55: DO IT | G55: Programmes | H55: Geneviève | I55: Mourad | J55: - | L55: 10 | M55: 20 | N55: 20 | O55: 30 | X55: =SUM(L55:W55) -> 80 | AA55: Terminé
A56: 59 | B56: Programme de reconnaissance et de soutien financier des organismes panmontréalais (PANAM) 2021-2024 | D56: 45657 | E56: P1 | F56: DO IT | G56: Programmes | H56: Geneviève | I56: Mourad | J56: - | L56: 10 | M56: 20 | X56: =SUM(L56:W56) -> 30 | AA56: Terminé
A57: 60 | B57: Programme de revitalisation urbaine intégrée (RUI) 2002-2025 | D57: 46022 | E57: P1 | F57: DO IT | G57: Intervention territoriale | H57: Nicolas | I57: Jessyca C. | J57: non | L57: 8 | M57: 8 | N57: 8 | O57: 12 | P57: 12 | Q57: 12 | X57: =SUM(L57:W57) -> 60 | AA57: en cours
A58: 61 | B58: Alliances pour la solidarité 2024-2029 - Gestion de l'entente | C58: 45748 | D58: 47208 | E58: P1 | F58: DO IT | G58: Programmes | H58: Karine-Myrgianie | I58: Yan | J58: Louise-Michel Marcela | X58: =SUM(L58:W58) -> 0 | AA58: En cours
A59: 62 | B59: Cité-des-hospitalières | E59: P1 | F59: DO IT | G59: Direction | H59: Jessica | I59: Karine | J59: - | K59: Présentation de la Vision initiale et actualisation de celle-ci suivant les 3 ans d'opération transitoire | L59: 4 | M59: 16 | X59: =SUM(L59:W59) -> 20 | AA59: en cours | AB59: Terminé ?
A60: 63 | B60: Fonds bâtir des communautés plus sûres (FBSC) 2022-2026 - Gestion de l'entente | D60: 46387 | E60: P2 | F60: DO IT | G60: Programmes | H60: Karine-Myrgianie | I60: Mourad | J60: Anne Laurence | X60: =SUM(L60:W60) -> 0 | AA60: En cours
A61: 64 | B61: Prévenir et intervenir sur les violences observées sur le territoire (PIVOT) | D61: 46022 | E61: P2 | F61: - | G61: Intervention territoriale | H61: Dina | I61: Cateline | J61: Oui | L61: 10 | M61: 50 | N61: 50 | O61: 50 | P61: 60 | X61: =SUM(L61:W61) -> 220 | AA61: En cours
A62: 65 | B62: Quartiers inclusifs et résilients (QIR) | D62: 46022 | E62: P1 | F62: DO IT | G62: Intervention territoriale | H62: Jessica | I62: Jessyca C. | J62: - | L62: 304 | M62: 304 | N62: 304 | O62: 304 | P62: 304 | Q62: 304 | R62: 304 | S62: 304 | T62: 304 | U62: 304 | V62: 304 | W62: 304 | AA62: En cours
A68: 66 | B68: Grand rendez-vous du développement social | G68: Intervention territoriale | H68: Nicolas | I68: Amélie B. | J68: oui | AA68: En cours
A70: 65 | B70: EMMIS Mise en place d'une démarche de gestion de qualité | C70: 45660 | D70: 46112 | E70: P1 | F70: DO IT | G70: PRÉMIS | H70: Elizabeth | I70: Camille | L70: 60 | M70: 40 | N70: 40 | O70: 129 | P70: 40 | Q70: 40 | R70: 129 | S70: 40 | T70: 40 | U70: 129 | V70: 40 | W70: 81 | X70: =SUM(L70:W70) -> 808 | AA70: En cours
A71: 66 | B71: EMMIS Gestion de la performance | C71: 45660 | D71: 46014 | E71: P1 | F71: DO IT | G71: PRÉMIS | H71: Elizabeth | I71: Ariane | J71: Camille, Marie-Noëlle | K71: Inclut les volets contractuel, qualité, données des services (tableau de bord) et données désagrégées | L71: 30 | M71: 30 | N71: 30 | O71: 30 | P71: 30 | Q71: 60 | R71: 60 | S71: 60 | T71: 60 | U71: 60 | V71: 60 | W71: 60 | X71: =SUM(L71:W71) -> 570 | AA71: En cours
A72: 67 | B72: EMMIS Formation | C72: 45660 | D72: 46014 | E72: P1 | F72: DO IT | G72: PRÉMIS | H72: Elizabeth | I72: Marie-Joëlle | J72: Margaux | L72: 70 | M72: 20 | N72: 70 | O72: 70 | P72: 70 | Q72: 5 | R72: 5 | S72: 5 | T72: 5 | U72: 5 | V72: 5 | W72: 5 | X72: =SUM(L72:W72) -> 335 | AA72: En cours
A73: 68 | B73: EMMIS Implantation d'une communauté de pratique | C73: 45719 | D73: 46014 | E73: P1 | F73: DO IT | G73: PRÉMIS | H73: Elizabeth | I73: Margaux | J73: Stéphanie C | L73: 0 | M73: 0 | N73: 70 | O73: 70 | P73: 70 | Q73: 5 | R73: 5 | S73: 5 | T73: 5 | U73: 5 | V73: 5 | W73: 5 | X73: =SUM(L73:W73) -> 245 | AA73: En cours
A74: 69 | B74: Planification et mise en opération Centre du jour 2025-2026 | C74: 45777 | D74: 45900 | E74: P1 | G74: Intervention territoriale | H74: Marie-France | I74: Antony | O74: 70 | P74: 70 | Q74: 70 | R74: 70 | S74: 70 | T74: 70 | U74: 70 | X74: =SUM(L74:W74) -> 490 | AA74: Annulé
A75: 70 | B75: Appel de projet Centre de jour sites LS et STM | C75: 30-04-2025 | D75: 30-08-2025 | G75: Intervention territoriale | H75: Marie-France | I75: Antony | U75: 50 | V75: 100 | W75: 100 | X75: =SUM(L75:W75) -> 250 | AA75: Terminé | AB75: Hâlte chaleur (en cours)
A76: 71 | B76: Financements hors programme | C76: 45658 | D76: 46014 | E76: P1 | F76: DO IT | G76: Programmes | H76: Geneviève | I76: Mourad | AA76: En cours
A77: 72 | B77: Approche municipale - Partage de l'espace public | G77: Stratégie | H77: Andréanne | I77: Maude | AA77: Terminé
A78: 73 | B78: Appel de projet HMA - Cohabitation sociale | AA78: En cours
A79: 74 | B79: Interventions de milieu en itinérance et cohabitation sociale dans les installations municipales (ICIM) 2025 | D79: 46022 | F79: DO IT | G79: Intervention territoriale | H79: Nicolas | I79: Jolyane | J79: Stéphanie V Maude | AA79: En cours
A80: 75 | B80: Fonds québécois d'initiatives sociales (FQIS) 2024-2026 | C80: 45748 | D80: 31-03-2026 | G80: Programmes | H80: Geneviève | AA80: En cours
A81: 76 | B81: PAUI 2026-2028 | C81: 1er janv. '26 | D81: 31 déc. 2028 | G81: Programmes | H81: Geneviève | I81: Mourad | J81: Jean-Pierre | K81: 2e édition de ce programme (PDI). | AA81: À venir | AB81: Orientations à prévoir cet automne (Attentes des arrondissements pour accès au PDI)
B83: Théorie du changement du SDIS | C83: 45717 | D83: 45931 | G83: DIASO | H83: Thibault | I83: Louiza | K83: Phase 1 : 1ère itération déployé | AA83: En cours | AB83: Plan SEI 26-30
B84: Transformation organisationnelle du SDIS | C84: 45658 | D84: 45962 | G84: DIASO | H84: Thibault | I84: Carolyn | J84: Flavia, Julie, Mona | AA84: En cours
B85: Développer et lancer un parcours de formation en accessibilité universelle pour le personnel de la Ville | AA85: Reporté | AB85: 2026
B86: Mécanisme d'Action Rapide et Intégrée pour les personnes en situation de Vulnérabilité (ARIV) | E86: P4 | G86: Intervention territoriale | H86: Andréanne | I86: Pier Alexandre | K86: projet se finalise en juin 2025. suivi ombudsman + avec VM. | AA86: En cours
B87: ICIM - Itinérance et infrastructures municipales | G87: Intervention territoriale | H87: Nicolas | I87: Jolyane | AA87: En cours
B88: Trousse d'accompagnement aux arrondissements | H88: Dina | I88: Joelle | AA88: En cours | AB88: 2025-2026
B89: Calendrier SDIS des activités + projets en arrondissements | H89: Dina | I89: Caroline | AA89: En cours
A90: Heures occupées | L90: =SUM(L3:L62) -> 3335 | M90: =SUM(M3:M62) -> 4066 | N90: =SUM(N3:N62) -> 4597 | O90: =SUM(O3:O62) -> 3469 | P90: =SUM(P3:P62) -> 3111 | Q90: =SUM(Q3:Q61) -> 2218 | R90: =SUM(R3:R62) -> 2213 | S90: =SUM(S3:S62) -> 2248 | T90: =SUM(T3:T62) -> 2254 | U90: =SUM(U3:U62) -> 2284 | V90: =SUM(V3:V62) -> 2254 | W90: =SUM(W3:W62) -> 2060 | X90: =SUM(X3:X62) -> 30765 | Y90: =SUM(Y3:Y61) -> 4075000
A91: Heures de travail | L91: =50*35*52/12 -> 7583.3333 | M91: =50*35*52/12 -> 7583.3333 | N91: =50*35*52/12 -> 7583.3333 | O91: =50*35*52/12 -> 7583.3333 | P91: =50*35*52/12 -> 7583.3333 | Q91: =50*35*52/12 -> 7583.3333 | R91: =50*35*52/12 -> 7583.3333 | S91: =50*35*52/12 -> 7583.3333 | ... W91: =50*35*52/12 -> 7583.3333 | X91: =SUM(L91:W91) -> 91000
A92: Absences | X92: =SUM(L92:W92) -> 0
A93: Heures disponibles | L93: =L91-L90-L92 -> 4248.3333 | M93: =M91-M90-M92 -> 3517.3333 | N93: =N91-N90-N92 -> 2986.3333 | O93: =O91-O90-O92 -> 4114.3333 | P93: =P91-P90-P92 -> 4472.3333 | Q93: =Q91-Q90-Q92 -> 5365.3333 | R93: =R91-R90-R92 -> 5370.3333 | S93: =S91-S90-S92 -> 5335.3333 | ... X93: =X91-X90-X92 -> 60235
A94: Ratio d'occupation | L94: =1-(L93/L91) -> 0.43978022 | M94: =1-(M93/M91) -> 0.53617582 | N94: =1-(N93/N91) -> 0.6061978 | O94: =1-(O93/O91) -> 0.45745055 | P94: =1-(P93/P91) -> 0.41024176 | Q94: =1-(Q93/Q91) -> 0.29248352 | R94: =1-(R93/R91) -> 0.29182418 | S94: =1-(S93/S91) -> 0.29643956 | ... X94: =1-(X93/X91) -> 0.33807692
B95: Opération chaleur

Sheet Affaires courantes
A1: Nom | B1: Type | C1: Statut | D1: Géré par le SDIS | E1: Handicap | F1: Aîné-e-s | G1: Priorité | H1: Division | I1: Promoteur·ice | J1: Porteur·e | K1: Notes | L1: Heures/mois
A2: Comité de pilotage - Dénombrement 2025 | B2: Comité | G2: P1 | H2: Stratégie | I2: Andréanne | J2: Annie Lar.
A3: Comité d'Accueil de la Conférence pan-canadienne du Mouvement pour mettre fin à l'itinérance (CAEH) à Montréal | B3: Comité | G3: P2 | H3: Intervention territoriale | J3: Maude | L3: 4
A4: Opération 1er juillet avec Service de l'habitation | B4: Comité | G4: P2 | H4: Intervention territoriale | I4: Nicolas | J4: Audrey MM | K4: seulement en mai-juin-juillet donc je fais une moyenne sur année | L4: 1
A5: Gestion des évictions Centre de service scolaire de Montréal (CSSDM)/Coalition régional pour l'accès aux locaux communautaires | B5: Comité | G5: P1 | H5: Intervention territoriale | I5: Nicolas | J5: Ève | L5: 16
A6: Réseau d’aide volontaire des employées et employés interprètes (RAVEI) | B6: Comité | G6: P4 | H6: Programmes | I6: Thibault | J6: Manuel | K6: Stratégie retrait : On ne peut plus - c.f. commissaire langue française
A7: Comité Approvisionnement Responsable (AR) | B7: Comité | G7: P3 | H7: DIASO | I7: Thibault | J7: Mourad
A8: Centre canadien pour des communautés plus sûres (CCCS) | B8: Comité | G8: P2 | H8: Stratégie | I8: Andréanne | J8: Pier Alexandre
A9: Instance Montréalaise de la Sécurité Communautaire en HLM (IMSC) | B9: Comité | G9: P2 | H9: Intervention territoriale | I9: Dina | J9: Cateline | L9: 3
A10: Comité interne en alimentation (CIA) | B10: Comité | G10: P2 | H10: Stratégie | I10: Andréanne | J10: Stéphanie
A11: Production agricole du Grand parc de l'Ouest | B11: Comité | G11: P3 | H11: Stratégie | I11: Andréanne | J11: Stéphanie | L11: 1.5
A12: Comité aviseur migrants statut précaire | B12: Comité | G12: P3 | H12: Stratégie | I12: Andréanne | J12: Marie-Claude | K12: Audrey MM coordonne le comité.
A13: Accueil demandeurs d'asile du Québec (ADAQ) | B13: Comité | H13: Stratégie | I13: Andréanne | J13: Audrey MM
A14: Comité d'accueil local pour les personnes en demande d'asile d'Ahuntsic-Cartierville (CALDA) | B14: Comité | G14: P2 | H14: Intervention territoriale | I14: Dina | J14: Audrey MM | L14: 3
A15: Comité consultatif - personnes migrantes sans couverture médicale | B15: Comité | H15: Stratégie | I15: Andréanne | J15: Audrey MM
A16: Coalition québécoise pour la prévention de l'itinérance (CQPI) - volet immigration MSP | B16: Comité | H16: Stratégie | I16: Andréanne | J16: Annie Larouche | K16: On ne sait pas c'est quoi ? / verifier audrey m
A17: Conseil canadien pour les réfugiés (CCR) | B17: Comité | G17: P3 | H17: Stratégie | I17: Andréanne | J17: Marie-Claude
A18: Regroupement des grandes villes accessibles | B18: Comité | G18: P2 | H18: Stratégie | I18: Andréanne | J18: Annie Laf.
A19: Plan de réponse communautaire aux campements (PRCC) - Régional | B19: Comité | G19: P1 | H19: Intervention territoriale | I19: Nicolas | J19: Maude | K19: sur janvier a Février donc moyenne | L19: 1
A20: Plan de réponse communautaire aux campements (PRCC) - Local | B20: Comité | G20: P1 | H20: Intervention territoriale | I20: Nicolas | J20: Antony | K20: sur janvier a Février donc moyenne | L20: 1
A21: Comité de la gouvernance PCMI ( plan concerté montréalais en itinérance) | B21: Comité | G21: P1 | H21: Intervention territoriale | I21: Nicolas | J21: Maude
A22: Conseil du système alimentaire montréalais (CSAM) | B22: Comité | G22: P2 | H22: Stratégie | I22: Andréanne | J22: Stéphanie
A23: Comités consultatifs | B23: Comité | G23: P2 | H23: Stratégie | I23: Andréanne | J23: Medhi
A24: Comité de pilotage du plan d'impact collectif Réseau résilience aîné·es Montréal (PIC-RRAM) | B24: Comité | H24: Stratégie | I24: Andréanne | J24: Marilyne | K24: Se termine le 31 mars 2025.
A25: Groupe de travail expérience de vie | B25: Comité | H25: Stratégie | I25: Andréanne | J25: Annie Lar. | K25: Est-ce un doublon ?
A26: Comité régional du Panier à provision nutritif et économique (PPNE) | B26: Comité | G26: P3 | H26: Stratégie | I26: Andréanne | J26: Stéphanie
A27: Participation au Réseau Rainbow cities | B27: Comité | G27: P2 | H27: Stratégie | I27: Andréanne | J27: Maryline
A28: Boîte bienvenue bébé Mandat du DG - 2023-014 | Projet - Bienvenue bébé | B28: Comité | G28: P4 | H28: Programmes | I28: Thibault | J28: Guylaine | K28: Boîte Bienvenue bébé pour les bébés montréalais | L28: 10
A29: Comité d'orientation montréalais de lutte à la maltraitance | B29: Comité | G29: P2 | H29: Stratégie | I29: Andréanne | J29: Maryline
A30: Comité national de sensibilisation dans le cadre du plan d'action de lutte contre la maltraitance envers les personnes aînées de communautés culturelles et celles d'expression anglaise | B30: Comité | G30: P2 | H30: Stratégie | I30: Andréanne | J30: Maryline
A31: Instance stratégique en investissement social (ISIS) | B31: Comité | G31: P1 | H31: Stratégie | I31: Andréanne | J31: Karine | L31: 14
A33: Réseau des grandes villes MADA | B33: Comité | G33: P3 | H33: Stratégie | I33: Andréanne
A34: Comité stratégique intergouvernemental sur l'itinérance inuite | B34: Comité | G34: P2 | H34: Stratégie | I34: Andréanne | J34: Annie Lar.
A35: CRI-Jade | B35: Comité | H35: Stratégie | I35: Andréanne | J35: Pier Alexandre
A36: Enquête québécoise sur la santé des jeunes du secondaire (EQSJS) | B36: comité | G36: P2 | H36: Intervention territoriale | I36: Dina | J36: Cateline
A37: RÉMIRI | B37: Comité | H37: Stratégie | I37: Andréanne | J37: Marie-Claude
A38: Instance Montréalaise de la Sécurité Communautaire en HLM (IMSC) | B38: Comité | G38: p2 | H38: Intervention territoriale | I38: Dina | J38: Cateline
A39: Comité stratégique en sécurité urbaine de Montréal (CoSSUM) | B39: Comité | D39: Oui | G39: p2 | H39: Intervention territoriale | I39: Dina | J39: Pier Alexandre | K39: Dossier stratégique en sécurité urbaine nécessitant la participation à 3 comités dont 1 avec la direction SDIS, 1 avec la DGA , 1 pro . rencontre mensuel de 30 min avec le MSP pour des suivis | L39: 4
A40: Comité de suivi du chantier en accessibilité universelle | B40: Comité | D40: Oui | E40: X
A41: Comité d'expertise du chantier en accessibilité univeselle | B41: Comité | D41: Oui | E41: X
A42: Comité aviseur - Personnes migrantes à statut précaire et sans statut du Bureau d'intégration des nouveaux arrivants à Montréal (BINAM) | B42: Comité | C42: Inactif | D42: Oui | F42: X | J42: Audrey MM
A43: Comité consultatif citoyen.nes -Personnes (im)migrantes sans couverture ou assurance maladie | B43: Comité | C43: Inactif | D43: Oui | E43: X | F43: X
A44: Comité directeur en sécurité urbaine de Montréal | B44: Comité | D44: Oui
A45: Groupe de travail en sécurité urbaine de Montréal | B45: Comité | D45: Oui
A46: Comité ad hoc sur les besoins et enjeux des personnes n'ayant pas accès à l'hébergement logement | B46: Comité | D46: Oui
A47: Comité interne campement | B47: Comité | C47: Inactif | D47: Oui
A48: Comité de réflexion pour la révision des programmes PANAM et PALM | B48: Comité | C48: Inactif | D48: Oui | J48: Mehdi
A49: Comité de suivi Municipalité amie des aînés (MADA) | B49: Comité | D49: Oui | F49: X
A50: Comité de l'axe cohabitation judiciarisation | B50: Comité | C50: Inactif | D50: Oui | K50: Rattaché au plan concerté montréalais en itinérance
A51: Comité de réflexion pour l'élaboration du cadre de référence et des appels de projets des Alliances pour la solidarité | B51: Comité | C51: Inactif | D51: Oui | J51: Louise-Michel/Yan
A52: Comité tactique sur les personnes vulnérables dans l'espace public | B52: Comité | C52: Inactif | D52: Oui
A53: Sous-comité opérationnel sur les personnes vulnérables dans l'espace public | B53: Comité | C53: Inactif | D53: Oui
A54: Comité de direction en itinérance | B54: Comité | D54: Oui
A55: Comité des partenaires en accessibilité universelle (CPAU) | B55: Comité | D55: Oui | E55: X
A56: Comité des partenaires régionaux de l'Équipe mobile de médiation sociale (ÉMMIS) | B56: Comité | D56: Oui | J56: Ariane
A57: Comité régional pour l'accès aux locaux communautaires (CRAL) | B57: Comité | C57: Actif | D57: Oui | E57: X
A58: Communauté de pratique ADS+ | B58: Communauté de pratique | D58: Oui | J58: Marie-Anne
A59: Communauté de pratique en sécurité urbaine | B59: Communauté de pratique | G59: P2 | H59: Intervention territoriale | I59: Dina | J59: Cateline | L59: 7
A60: Communauté de pratique en itinérance | B60: Communauté de pratique | G60: P2 | H60: Intervention territoriale | I60: Nicolas | J60: Joëlle | L60: 5
A61: Communauté de pratiques FBCS -(financée par MSP) | B61: Communauté de pratique | G61: P2 | H61: Stratégie | I61: Andréanne | J61: Pier Alexandre
A62: Réseau des grandes villes en développement social | B62: Communauté de pratique | G62: P2 | H62: Stratégie | I62: Andréanne | J62: Medhi
A63: Gestion des gratuités | B63: Gestion | G63: P4 | H63: Intervention territoriale | I63: Nicolas | J63: Karine Jalbert
A64: Plan concerté montréalais en itinérance (Gouvernance) | B64: Gestion | G64: P3 | H64: Intervention territoriale | I64: Nicolas | J64: Maude | L64: 3
A65: Émission de la carte sans peur | B65: Gestion | G65: P1 | H65: Intervention territoriale | I65: Dina | J65: Audrey B Maude Cateline Audrey MM | L65: 15
A66: Statégie transport en itinérance - Coordination navettes | B66: Gestion | G66: P1 | H66: Intervention territoriale | I66: Nicolas | J66: Joelle Lacroix | K66: Début au trimestre 3 | L66: 5
A67: Plans particuliers d'intervention (PPI) - sécurité civile | B67: Gestion | G67: P1 | H67: Intervention territoriale | I67: Nicolas | J67: Antony | L67: 3
A68: Indicateurs de performance SDIS | B68: Gestion | G68: P2 | H68: DIASO | I68: Marie-Josée
A69: Serveur de données | B69: Gestion | G69: P3 | H69: DIASO | I69: CD DIASO | J69: Oussama
A70: Infolettre | B70: Gestion | G70: P2 | H70: Stratégie | I70: Andréanne | J70: Karine
A71: Mise en oeuvre de la Politique montréalaise pour l'action communautaire (PMAC) | B71: Gestion | G71: P2 | H71: Programmes | I71: Thibault | J71: Louise-Michel | K71: Voir courriel transfert Sonia (22 nov.)
A72: Centre international de prévention de la criminalité (CIPC) - Données , recherche & développement en SU | B72: Gestion | G72: P2 | H72: DIASO | I72: CD DIASO | J72: Victoria
A73: Programme d’infrastructures municipales pour les aînés (PRIMA) | B73: Gestion | G73: P3 | H73: Intervention territoriale | I73: Nicolas | J73: Caroline | K73: Déléguer BRGM (ou SCA)
A74: AC-01 - Élaboration du cadre de relations d'affaires - SDIS & SRHC | B74: Gestion | G74: P2 | H74: DIASO | I74: Thibault | J74: Rabia | K74: Voir s'il serait possible d'attribuer le dossier à Karine
A75: Forum des intervenants municipaux en développement social (FIMDS) | B75: Gestion | G75: P2 | H75: Intervention territoriale | I75: Marie-Josée | J75: Eve | K75: suivi fait par la direction | L75: 10
A76: Centre de prévention de la radicalisation menant à la violence (CPRMV) - Gestion de l'entente | B76: Gestion | G76: P1 | H76: Stratégie | I76: Andréanne | J76: Pier Alexandre | K76: Gestion de l'entente et participation à la gouvernance (observateur au CA)
A77: Relations entre le BRI et le SDIS (volet sécurité urbaine) | B77: Gestion | G77: P3 | H77: Intervention territoriale | I77: Dina | J77: Cateline | K77: Projet se termine au 15 mai | L77: 2
A78: Modèle montréalais pour une ville sécuritaire | B78: Gestion | G78: p2 | H78: Intervention territoriale | I78: Dina | J78: Cateline
A79: Relation SPVM - SDIS | B79: Gestion | G79: p2 | H79: Intervention territoriale | I79: Dina | J79: Cateline
A80: Demandes de services administratifs | B80: Offre de service | G80: P1 | H80: DIASO | I80: CD DIASO/Dina | J80: Flavia
A81: IAS. GSS - Soutien | B81: Offre de service | G81: P1 | H81: Programmes | I81: Geneviève | J81: Isabelle
A82: Demande de données sociales | B82: Offre de service | G82: P2 | H82: DIASO | I82: CD DIASO | J82: Victoria
A83: Suivi des paiements | B83: Offre de service | G83: P1 | H83: DIASO | I83: CD DIASO/Dina | J83: Flavia
A84: Accompagnement offert par l'équipe territoriale | B84: Offre de service | G84: P1 | H84: Intervention territoriale | I84: Nicolas | J84: Dina | K84: Offre auprès des 1. organismes 2. arrondissements | L84: 45 | M84: 45 x 8 rh
A85: Indice d'équité des milieux de vie | B85: Offre de service | G85: P1 | H85: DIASO | I85: Thibault | J85: Maroua | L85: 180
A86: au@montreal.ca | B86: Offre de service | G86: P2 | H86: Programmes | I86: Thibault
A87: ads@montreal.ca | B87: Offre de service | G87: P2 | H87: Programmes | I87: Thibault
A88: Plan de formation opérationnel/SISMIK | B88: Offre de service | G88: P2 | H88: stratégie?????? | K88: A déléguer / batir quelque chose ou non? | L88: 14
A89: ÉMMIS - Maintien opérations zone Centre | B89: Offre de service | G89: P1 | H89: PRÉMIS | I89: Elizabeth | J89: Roxanne | K89: 75 % Roxanne, 5h Ariane, Eli | L89: 130
A90: ÉMMIS - Maintien zone Nord-Ouest | B90: Offre de service | G90: P1 | H90: PRÉMIS | I90: Elizabeth | J90: Stéphanie | L90: 110
A91: ÉMMIS - Maintien zone Nord-Est | B91: Offre de service | G91: P1 | H91: PRÉMIS | I91: Elizabeth | J91: Margaux | L91: 110
A92: ÉMMIS - Maintien Centrale d'appel 211 et système d'information | B92: Offre de service | G92: P1 | H92: PRÉMIS | I92: Elizabeth | J92: Marie-Joëlle | L92: 110
A93: ÉMMIS - Déploiement régional | B93: Offre de service | G93: P1 | H93: PRÉMIS | I93: Elizabeth | J93: Ariane | L93: 100
A94: Gestion des haltes chaleur hiv 2024-2025 | B94: Offre de service | G94: P1 | H94: Intervention territoriale | I94: Marie-France | J94: Antony | K94: Jusqu'à la mi-avril au plus tard. | L94: 120
A95: Démarche de co-création d'un projet de règlement sur l'obligation de dons des surplus et invendus | B95: Projet | G95: P4 | H95: Stratégie | I95: Andréanne | J95: Stéphanie
A96: Sous-comité Milton-Parc | B96: Suivi | G96: P4 | H96: Intervention territoriale | I96: Nicolas | J96: Maude
A97: Suivi des plans du Bureau du vérificateur général | B97: Suivi | H97: DIASO | I97: CD DIASO | J97: Flavia
A98: Expérimentation règlementaire Quartiers Inclusifs et Résilients (QIR) | H98: Intervention territoriale | I98: Jessica | J98: Jessyca | K98: Mettre dans projet. Est-ce un projet 2026 ?
A99: Expérimentation règlementaire migrants statuts précaires) | H99: Stratégie | I99: Andréanne | J99: Marie-Claude | K99: On ne sait pas c'est quoi - Voir avec Marie-Claude ?
A100: Rencontres du Réseau ONU Femmes, villes sûrs, espaces publics sûrs | H100: Stratégie | I100: Andréanne | J100: Marie-Claude | L100: 2
A101: diversitésociale@montreal.ca
...

Sheet Programmes soutien financier
E1: 2024 | F1: 2025 | J1: 2026 | N1: 2027 | R1: 2028 | V1: 2029
B2: Programmes | C2: Étapes | E2: T4 | F2: T1 | G2: T2 | H2: T3 | I2: T4 | J2: T1 | K2: T2 | L2: T3 | M2: T4 | N2: T1 | O2: T2 | P2: T3 | Q2: T4 | R2: T1 | S2: T2 | T2: T3 | U2: T4 | V2: T1 | W2: T2 | X2: T3 | Y2: T4 | Z2: Commentaires
B4: Agir ensemble (MESS-SDIS) | C4: Lancement et dépôt projets
C5: Sélection et GDD | Z5: Besoins T2 : 2-3 Expertises lutte à la pauvreté pour les comités de sélection (Séc. alimentaire + Général)
C6: Suivis et contrôle | V6: F | W6: RDC
C7: Conception
B9: Appels locaux (MESS) | C9: Lancement et dépôt projets
C10: Sélection et parties prenantes | Z10: Besoin T1-T2 Appui 2-3 RH - Terr (Q et R GSS et prog. régional vs local, comités de sélection en arrondissement)
C11: Suivis et contrôle
B13: Gestion de l'Entente 2024-2029 | C13: Suivis et contrôle | V13: F
C14: RDC annuelle | W14: RDC
C15: Négociation et Conception
B17: Programme itinérance et milieu de vie inclusif
B18: (MESS et BF) | C18: Suivis et contrôle | I18: F | J18: RDC
C19: Conception
C20: Lancement et dépôt projets | Z20: Lancement prévu au printemps
C21: Sélection et GDD | Z21: GDD à adopter en septembre
C22: Suivis et contrôle | Z22: Reddition de compte pas prévue encore
B24: Accompagner et soutenir les locataires | C24: Conception | Z24: Clairifier l'équipe projet + Promoteur
C25: Lancement et dépôt projets | Z25: Stéphanie-S, Louise-Michel
C26: Sélection et GDD
C27: Suivis et contrôle
B29: Prévention Montréal - Volet régional | C29: Suivis et contrôle | I29: F | J29: RDC | Z29: Fin de l'Entente au 31 décembre 2026
C30: Prolongation | Z30: Prolongation d'un an ?
B32: Prévention Montréal - Local | C32: Suivis et contrôle | I32: F | J32: RDC | Z32: Fin de l'Entente au 31 décembre 2026
C33: Prolongation | Z33: Prolongation d'un an ?
B35: Évaluation Prévention Montréal
C36: Évaluation
B38: CIALM (accessibilité universel) - | C38: Lancement et dépôt projets | Z38: Mehdi-S, Cédric (?), Janie (janvier)
C39: Sélection et GDD
C40: Suivis et contrôle
B42: Par et pour (2e appel) | C42: Conception (mise à jour) | Z42: Budget à attacher : 1 M$ (Emputerait Prév. Mtl)
C43: Lancement et dépôt projets | Z43: Gabrielle
C44: Sélection et GDD | Z44: Gros dossier - Attentes politiques
C45: Suivis et contrôle | Z45: Équipe projet : Cateline, Mehdi (?Jeunesse)
B47: Programme pers. sans statut ou à statut précaire | C47: Suivis et contrôle | Z47: Audrey MM
C48: RDC et Bilan final
B51: RUI | C51: Suivis et contrôle | I51: F | J51: RDC | Z51: Ce sera porté par Nicolas (??)
C52: Bilan final | Z52: Jessyca C
B54: OBNL Locataire | Z54: Porteur Cédric, Mandat à préciser
C55: Sélection et GDD | Z55: Mehdi (Équipe projet)
C56: Suivis et contrôle | Z56: Ajouter le modèle-logique
C57: Lancement et dépôt projets
B59: Contribution hors programme : CPRMV - Gestion de l'Entente de contribution 1,2M$ | Z59: À confier à un gestionnaire
M60: F | Z60: 600 k$ Par année
Z61: Nouveau GDD en rédaction
B62: *Contribution hors programme OBNL AGIR - $ Prév. Mtl | Z62: Dossier politique
B63: (se termine au 31 déc. 2024) | C63: DELD
B66: Contribution hors programme : PIVOT - MSP
C67: Suivis et contrôle
C68: Conception (mise à jour) | Z68: VÉrifier avec MSP si souhait de prolonger ce programme
Z69: Équipe projet : Pier Alexandre et Cateline + qq'un programme
B72: Entente MSP | C72: Suivis et contrôle | Z72: RDC annuelle + Perspectives annuelles sur l'utilisation des fonds
C73: déploiement prochaine entente | F73: x | G73: x | H73: x | K73: x | L73: x | Z73: Mourad + Pierre-Luc (?)
B76: Entente MIFI

Sheet Capacités réelles
A1: Nom | B1: Équipe | C1: Présent?
A2: Alix Lefebvre-Dugré | B2: Programmes | C2: Oui
A3: Amélie Billette | B3: Partenariats | C3: Oui
A4: Andréanne St-Gelais | B4: Stratégies | C4: Oui
A5: Annie Lafrenière | B5: Stratégies | C5: Oui
A6: Annie Larouche | B6: Stratégies | C6: Oui
A7: Antony Santiago | B7: Partenariats | C7: Oui
A8: Ariane Lanoue | B8: PRÉMIS | C8: Oui
A9: Audrey Bady | B9: Partenariats | C9: Oui
A10: Audrey Mailloux Moquin | B10: Partenariats | C10: Oui
A11: Camille Blondin | B11: PRÉMIS | C11: Oui
A12: Cateline Autixier | B12: Partenariats | C12: Oui
... A28: Jean-Pierre Gauthier | B28: Programmes | C28: Oui
A29: Jessica Lagacé-Banville | C29: Oui
A30: Jessyca Cloutier | B30: Partenariats | C30: Oui
A31: Julie Taillon | B31: DIASO | C31: Non
A32: Karine Jalbert | C32: Oui
A33: Karine-Myrgianie Jean-François | B33: Programmes | C33: Oui
A34: Lamine Cissé | B34: DIASO | C34: Oui
A35: Louiza Lebtahi | B35: DIASO | C35: Oui
A36: Louise-Michel Laurence | B36: Programmes | C36: Oui
A37: Lyne Marie Beaudry | C37: Oui
A38: Lyne Raymond | C38: Oui
A39: Manuel Ardila | B39: Programmes | C39: Oui
A40: Margaux Bennardi | B40: PRÉMIS | C40: Oui
A41: Marianne Carle Marsan | B41: Partenariats | C41: Oui
A42: Marilyne Alerte | B42: Stratégies | C42: Oui
A43: Marie-Anne Cantin | B43: Programmes | C43: Oui
A44: Marie-Claude Haince | B44: Stratégies | C44: Oui
A45: Marie-France René | B45: Partenariats | C45: Oui
A46: Marie-Joëlle Carbonneau | B46: PRÉMIS | C46: Oui
A47: Marie-Josée Meilleur | C47: Oui
A48: Maroua Aïkous | B48: DIASO | C48: Oui
A49: Martine Roux | B49: Programmes | C49: Oui
A50: Maude Séguin | B50: Partenariats | C50: Oui
A51: Maulore Marina Gnagnie | C51: Oui
A52: Mehdi Mokhtar Lekehal | B52: Stratégies | C52: Oui
A53: Mona Al Boukhari | B53: Programmes | C53: Oui
A54: Mourad Benzidane | B54: Programmes | C54: Oui
A55: Nicolas Pagot | B55: Partenariats | C55: Oui
A56: Olivia-Nelly St-Jean-Lecoultre | C56: Oui
A57: Oussama Trabelsi | B57: DIASO | C57: Oui
A58: Patricia Hajjali | B58: Partenariats | C58: Oui
A59: Phillip Rousseau | B59: Stratégies | C59: Oui
A60: Pier Alexandre Lemaire | B60: Stratégies | C60: Oui
A61: Rabia Chaouchi | B61: Stratégies | C61: Oui
A62: Ramana Zanfongnon | C62: Non
A63: Roxanne Dufour | B63: PRÉMIS | C63: Oui
A64: Stéphanie Chartrand | B64: PRÉMIS | C64: Oui
A65: Stéphanie Mauro | B65: Stratégies | C65: Oui
A66: Thibault Camara | B66: Programmes | C66: Oui
A67: Victoria Gay-Cauvin | B67: DIASO | C67: Non
A68: Yan Tremblay | B68: Programmes | C68: Oui
A69: Zuzana Desnos | C69: Oui

Sheet Feuil1
A2: Décision suggérée 23/07/2025 | B2: Nom du projet | C2: Nombre de No.
A3: Annulé | C3: 1
A4: En cours | C4: 43
A5: Orientations à suggérer | B5: Cahier de breffage des élu·e·s 2025-2029 | C5: 1 | D5: Traité en one&one
A6: Total Orientations à suggérer | C6: 1
A7: Orientations attendues | B7: Accompagnement des organismes à but non lucratif avec enjeux locatifs et soutien financier | C7: 1 | D7: 13/08/2025
B8: Cadre stratégique en diversité sexuelle et pluralité des genres | C8: 1 | D8: Traité en one&one
B9: Cadre stratégique en sécurité alimentaire | C9: 1 | D9: 24/09/2025
B10: Cité-des-hospitalières | C10: 1 | D10: 20/08/2025
B11: Décriminalisation de la possession simple de drogues | C11: 1 | D11: Terminé
B12: ÉMMIS - Évaluation 2025-2028 | C12: 1
B13: ÉMMIS - Évaluation projet pilote 2021-2024 | C13: 1
B14: Municipalité amie des enfants (MAE) | C14: 1 | D14: terminé | E14: MJ 16/09/25
B15: Politique d'accès aux services municipaux sans peur | C15: 1
B16: Programme de revitalisation urbaine intégrée (RUI) 2002-2025 | C16: 1 | D16: 27/08/2025
B17: Rapport des échanges du comité ad hoc sur les enjeux et les besoins des personnes ​qui n'accèdent pas à l'hébergement / au logement​ | C17: 1 | D17: 03/09/2025
B18: Stratégie de reconnaissance des regroupements d'organismes communautaires | C18: 1 | D18: 03/09/2025
A19: Total Orientations attendues | C19: 12
A20: Reporté | B20: Aide financière aux organismes à but non lucratif locataires 2026 | C20: 1
B21: Calculer la pauvreté depuis la pandémie | C21: 1
B22: Campagne ''Témoins, agissons'' - Volet 3 | C22: 1
B23: Développer et lancer un parcours de formation en accessibilité universelle pour le personnel de la Ville
A24: Total Reporté | C24: 3
A25: Terminé | B25: Appel de projet Centre de jour sites LS et STM | C25: 1
B26: Approche municipale - Partage de l'espace public | C26: 1
B27: Centre de prévention de la radicalisation menant à la violence (CPRMV) - Gouvernance | C27: 1
B28: Consultation sur les conditions de succès visant à assurer une intégration harmonieuse des ressources dédiées aux personnes en situation d’itinérance dans les quartiers de la métropole | C28: 1
B29: ÉMMIS - Implantation - Centrale d'appel 211 et système d'information | C29: 1
B30: ÉMMIS - Implantation - Zone Nord-Est | C30: 1
B31: Forum montréalais pour la lutte contre la violence 2025 | C31: 1
B32: Plan municipal en accessibilité universelle 2024-2030 | C32: 1
B33: Programme Accès-Loisirs de la Ville de Montréal (PALM) 2023-2025 | C33: 1
B34: Programme de reconnaissance et de soutien financier des organismes panmontréalais (PANAM) 2021-2024 | C34: 1
B35: Stratégie de planification, suivi, évaluation et apprentissage (PSEA) | C35: 1
B36: Stratégie municipale pour les personnes aînées 2023-2030 | C36: 1
A37: Total Terminé | C37: 12
A38: (vide) | C38: 1
A39: Total général | C39: 73

Sheet ListeProjets_A faire
A1: No. | B1: Engagements | C1: Nom du projet - Ajouter des lignes a la suite | D1: Phase T1 2026 | E1: Phase T2 2026 | F1: Phase T3 2026 | G1: Phase T4 2026 | H1: Envergure du projet | I1: Division | J1: RH dispo ? | K1: $ dispo? | L1: Priorité (voir onglet Priorité)
B2: Grands partenariats | C2: Projet 1 | D2: Besoin d'orientation | E2: Exécution | F2: Suivi et controle | H2: Haute | I2: Programmes | J2: Oui | K2: Non Applicable | L2: =VLOOKUP(C2,'priorité_A faire (2)'!$B$2:$K$35,10,0) -> P3
B3: Grands partenariats | C3: Projet 2 | D3: Conception | E3: Planification | F3: Exécution | G3: Suivi et controle | H3: Haute | I3: Programmes | J3: Oui | K3: Non Applicable | L3: =VLOOKUP(C3,'priorité_A faire (2)'!$B$2:$K$35,10,0) -> P1
B4: Grands partenariats | C4: Projet 3X | D4: Planification | E4: Planification | F4: Exécution | G4: Exécution | H4: Haute | I4: PLAUS | J4: Oui | K4: Non Applicable | L4: =VLOOKUP(C4,'priorité_A faire (2)'!$B$2:$K$35,10,0) -> P3
B5: Transformation - | C5: Projet 4 | D5: Conception | E5: Planification | F5: Exécution | G5: Suivi et controle | H5: Moyenne | I5: Interventions | J5: Oui | K5: Oui | L5: =VLOOKUP(C5,'priorité_A faire (2)'!$B$2:$K$35,10,0) -> P1
B6: Grands partenariats | C6: Projet 5 | D6: Conception | E6: Planification | F6: Planification | G6: Exécution | H6: Haute | I6: Interventions | J6: Oui | K6: Oui
C7: projet 7 | I7: DIPEC

Sheet priorité_A faire (2)
B1: Projet (ne pas modifier) | C1: Division (ne pas modifier) | D1: Engagement politique | E1: Alignement stratégique | F1: Impact attendu | G1: Urgence/échéance | H1: Ressources dispo | I1: Complexité / risque | J1: Total | K1: Priorité
B2: ='ListeProjets_A faire'!C2 -> Projet 1 | C2: ='ListeProjets_A faire'!I2 -> Programmes | D2: 0 | E2: 2 | F2: 2 | G2: 3 | H2: 2 | I2: 0 | J2: =SUM(D2:I2) -> 9 | K2: =IF(J2>=15,"P1",IF(J2>=10,"P2","P3")) -> P3
B3: ='ListeProjets_A faire'!C3 -> Projet 2 | C3: ='ListeProjets_A faire'!I3 -> Programmes | D3: 5 | E3: 4 | F3: 4 | G3: 1 | H3: 2 | I3: 2 | J3: =SUM(D3:I3) -> 18 | K3: =IF(J3>=15,"P1",IF(J3>=10,"P2","P3")) -> P1
B4: ='ListeProjets_A faire'!C4 -> Projet 3X | C4: ='ListeProjets_A faire'!I4 -> PLAUS | D4: 0 | E4: 4 | F4: 2 | G4: 1 | H4: 2 | I4: 0 | J4: =SUM(D4:I4) -> 9 | K4: =IF(J4>=15,"P1",IF(J4>=10,"P2","P3")) -> P3
B5: ='ListeProjets_A faire'!C5 -> Projet 4 | C5: ='ListeProjets_A faire'!I5 -> Interventions | D5: 5 | E5: 4 | F5: 2 | G5: 1 | H5: 2 | I5: 2 | J5: =SUM(D5:I5) -> 16 | K5: =IF(J5>=15,"P1",IF(J5>=10,"P2","P3")) -> P1
B6: ='ListeProjets_A faire'!C6 -> Projet 5 | C6: ='ListeProjets_A faire'!I6 -> Interventions | J6: =SUM(D6:I6) -> 0 | K6: =IF(J6>=15,"P1",IF(J6>=10,"P2","P3")) -> P3
B7: ='ListeProjets_A faire'!C7 -> projet 7 | C7: ='ListeProjets_A faire'!I7 -> DIPEC | J7: =SUM(D7:I7) -> 0 | K7: =IF(J7>=15,"P1",IF(J7>=10,"P2","P3")) -> P3
B8: ='ListeProjets_A faire'!C8 -> 0 | C8: ='ListeProjets_A faire'!I8 -> 0 | J8: =SUM(D8:I8) -> 0 | K8: =IF(J8>=15,"P1",IF(J8>=10,"P2","P3")) -> P3
B9: ='ListeProjets_A faire'!C9 -> 0 | C9: ='ListeProjets_A faire'!I9 -> 0 | J9: =SUM(D9:I9) -> 0 | K9: =IF(J9>=15,"P1",IF(J9>=10,"P2","P3")) -> P3
B10: ='ListeProjets_A faire'!C10 -> 0 | C10: ='ListeProjets_A faire'!I10 -> 0
B11: ='ListeProjets_A faire'!C11 -> 0 | C11: ='ListeProjets_A faire'!I11 -> 0
B12: ='ListeProjets_A faire'!C12 -> 0 | C12: ='ListeProjets_A faire'!I12 -> 0
B13: ='ListeProjets_A faire'!C13 -> 0 | C13: ='ListeProjets_A faire'!I13 -> 0
B14: ='ListeProjets_A faire'!C14 -> 0 | C14: ='ListeProjets_A faire'!I14 -> 0
B15: ='ListeProjets_A faire'!C15 -> 0 | C15: ='ListeProjets_A faire'!I15 -> 0
B16: ='ListeProjets_A faire'!C16 -> 0 | C16: ='ListeProjets_A faire'!I16 -> 0
B17: ='ListeProjets_A faire'!C17 -> 0 | C17: ='ListeProjets_A faire'!I17 -> 0
B18: ='ListeProjets_A faire'!C18 -> 0 | C18: ='ListeProjets_A faire'!I18 -> 0
B19: ='ListeProjets_A faire'!C19 -> 0 | C19: ='ListeProjets_A faire'!I19 -> 0
B20: ='ListeProjets_A faire'!C20 -> 0 | C20: ='ListeProjets_A faire'!I20 -> 0

Sheet Listes_Ne pas modifier
A1: NE PAS MODIFIER CECI
A3: Engagement | D3: Équipes | G3: Envergure
A4: Réduire les problèmes | D4: DIPEC | G4: Haute | H4: Impact majeu
A5: Grands partenariats | D5: Direction | G5: Moyenne | H5: Impact sur plusieurs clients
A6: Innovations​ | D6: Interventions | G6: Basse | H6: Impact local
A7: Transformation - | D7: PLAUS | G7: Affaires courantes | H7: Activité récurrente, pas de livrable unique, pas de décision stratégique
A8: Autres | D8: Programmes
A9: - | D9: Projets spéciaux
D10: Stratégie
A11: Phase du projet
A12: Besoin d'orientation | G12: Boleen
A13: Conception | G13: Oui
A14: Planification | G14: Non Applicable
A15: Exécution | G15: Non
A16: Suivi et controle
A17: Fermeture
A21: Engagement politique | D21: Impact attendu
A22: 5 | B22: Oui | D22: 4 | E22: Fort impact | H22: 2
A23: 0 | B23: Non | D23: 2 | E23: Impact limité
A25: Alignement stratégique | D25: Urgence/Échéance
A26: 4 | B26: Contribue directement à un engagement | D26: 3 | E26: < 6 mois
A27: 2 | B27: Contribue indirectement | D27: 1 | E27: 6 mois
A28: 0 | B28: HS
A30: Ressources dispo | D30: Complexité/Risque
A31: 2 | B31: RH et budget confirmés | D31: 2 | E31: Faible complexité
A32: 1 | B32: Partiellement confirmés | D32: 0 | E32: Complexité élevée
A33: 0 | B33: Non confirmés

Sheet Feuil3
A2: Décision suggérée 23/07/2025 | B2: Nom du projet | C2: Nombre de Décision suggérée 23/07/2025
A3: À venir | B3: PAUI 2026-2028 | C3: 1
A4: À venir Total | C4: 1
A5: Annulé | B5: Planification et mise en opération Centre du jour 2025-2026 | C5: 1
A6: Annulé Total | C6: 1
A7: En cours | B7: 50 - MIFI-Ville - Gestion de l'entente 2024-2026 | C7: 1
B8: Agir ensemble contre la pauvreté et l'exclusion sociale 2024-2029 | C8: 1
B9: Aide financière aux organismes à but non lucratif locataires 2025 | C9: 1
B10: Alliances pour la solidarité 2018-2024 - Gestion de l'entente | C10: 1
B11: Alliances pour la solidarité 2024-2029 - Gestion de l'entente | C11: 1
B12: Appel de projet HMA - Cohabitation sociale | C12: 1
B13: Bilan de la démarche du chantier en accessibilité universelle 2020-2024 | C13: 1
B14: Bilan des réalisations en accessibilité universelle 2024 de la Ville de Montréal | C14: 1
B15: Cadre d’intervention en Accès Loisir (CIALM) 2025-2027 | C15: 1
B16: Cadre de référence en itinérance 2026-2028 | C16: 1
B17: Cahier de breffage des élu·e·s 2025-2029 | C17: 1
B18: Calendrier SDIS des activités + projets en arrondissements | C18: 1
B19: Cité-des-hospitalières | C19: 1
... B60: Trousse d'accompagnement aux arrondissements | C60: 1
A61: En cours Total | C61: 54
A62: Orientations attendues | B62: Accompagnement des organismes à but non lucratif avec enjeux locatifs et soutien financier | C62: 1
B63: Cadre stratégique en sécurité alimentaire | C63: 1
B64: Politique d'accès aux services municipaux sans peur | C64: 1
B65: Stratégie de reconnaissance des regroupements d'organismes communautaires | C65: 1
A66: Orientations attendues Total | C66: 4
A67: Reporté | B67: Aide financière aux organismes à but non lucratif locataires 2026 | C67: 1
B68: Calculer la pauvreté depuis la pandémie | C68: 1
B69: Campagne ''Témoins, agissons'' - Volet 3 | C69: 1
B70: Développer et lancer un parcours de formation en accessibilité universelle pour le personnel de la Ville | C70: 1
A71: Reporté Total | C71: 4
A72: Terminé | B72: Appel de projet Centre de jour sites LS et STM | C72: 1
B73: Approche municipale - Partage de l'espace public | C73: 1
B74: Cadre stratégique en diversité sexuelle et pluralité des genres | C74: 1
B75: Centre de prévention de la radicalisation menant à la violence (CPRMV) - Gouvernance | C75: 1
B76: Consultation sur les conditions de succès visant à assurer une intégration harmonieuse des ressources dédiées aux personnes en situation d’itinérance dans les quartiers de la métropole | C76: 1
B77: ÉMMIS - Implantation - Centrale d'appel 211 et système d'information | C77: 1
B78: ÉMMIS - Implantation - Zone Nord-Est | C78: 1
B79: Forum montréalais pour la lutte contre la violence 2025 | C79: 1
B80: Municipalité amie des enfants (MAE) | C80: 1
B81: Plan municipal en accessibilité universelle 2024-2030 | C81: 1
B82: Processus cartographié optimisé de gestion de requêtes au Service de la diversité et de l'inclusion sociale (SDIS) | C82: 1
B83: Programme Accès-Loisirs de la Ville de Montréal (PALM) 2023-2025 | C83: 1
B84: Programme de reconnaissance et de soutien financier des organismes panmontréalais (PANAM) 2021-2024 | C84: 1
... B87: Stratégie municipale pour les personnes aînées 2023-2030 | C87: 1
A88: Terminé Total | C88: 16
A89: (vide) | B89: Opération chaleur
B90: (vide)
A91: (vide) Total
A92: Total général | C92: 80

Sheet Tableau de bord
B2: Projet
B3: Accompagnement des organismes à but non lucratif avec enjeux locatifs et soutien financier
B4: Agir ensemble contre la pauvreté et l'exclusion sociale 2024-2029
B5: Alliances pour la solidarité 2018-2024 - Gestion de l'entente
B6: Bilan de la démarche du chantier en accessibilité universelle 2020-2024
B7: Cadre d’intervention en Accès Loisir (CIALM) 2025-2027
B8: Cadre de référence en itinérance 2026-2028
B9: Cadre stratégique en sécurité alimentaire
B10: Cahier de breffage des élu·e·s 2025-2029
B11: Calculer la pauvreté depuis la pandémie
B12: Calendrier SDIS des activités + projets en arrondissements
B13: Campagne ''Témoins, agissons'' - Volet 3
... B43: Total général

Sheet priorité_A faire
B1: Projet | C1: Division | D1: Engagement politique | E1: Alignement stratégique | F1: Impact attendu | G1: Urgence/échéance | H1: Ressources dispo | I1: Complexité / risque | J1: Total | K1: Priorité | L1: Commentaires
B2: Attention les noms de projets doivent être identiques ici et dans l'onglet liste de projet. Formule. Ne pas modifier. | D2: Oui = 5 points (projet lié à une orientation DG/DGA, décision du conseil, ou enjeu médiatique fort) Non = 0 point | E2: Contribue directement à un engagement (ex. Réduire les inégalités, Cohabitation sociale) = 4 points Contribue indirectement = 2 points HS = 0 point | F2: Fort impact populationnel ou visibilité externe = 4 points Impact limité = 2 points | G2: Exécution dans : < 6 mois = 3 points 6 mois = 1 point | H2: RH et budget confirmés = 2 points Partiellement confirmés = 1 point Non confirmés = 0 point | I2: Attention logique inverse afin de favoriser la réalisation Faible complexité = 2 points Complexité élevée = 0 point | K2: 1.Engagement politique : 5 (oui 5, non 0) 2.Alignement stratégique Ville/SDIS/CFA : 4 (direct, partiel, ou pas du 0) 3.Impact populationnel ou visibilité externe: 4 (fort) limité (2) 4.Urgence /date (légal, politique, média) : 3 (moins de 6 mois) +6 mois, 1 5.Ressources : 2 RH et $; Partiel 1 ; Non confirmé , 0 6.Complexité/risque : Faible 2 ; élevé 0
B3: ='ListeProjets_A faire'!C2 -> Projet 1 | C3: ='ListeProjets_A faire'!I2 -> Programmes | D3: 5 | E3: 2 | F3: 2 | G3: 3 | H3: 2 | I3: 0 | J3: =SUM(D3:I3) -> 14 | K3: =IF(J3>=15,"P1",IF(J3>=10,"P2","P3")) -> P2
B4: ='ListeProjets_A faire'!C3 -> Projet 2 | C4: ='ListeProjets_A faire'!I3 -> Programmes | D4: 5 | E4: 4 | F4: 4 | G4: 1 | H4: 2 | I4: 2 | J4: =SUM(D4:I4) -> 18 | K4: =IF(J4>=15,"P1",IF(J4>=10,"P2","P3")) -> P1 | L4: Complexité normale, mais risque élevé
B5: ='ListeProjets_A faire'!C4 -> Projet 3X | C5: ='ListeProjets_A faire'!I4 -> PLAUS | D5: 0 | E5: 4 | F5: 2 | G5: 1 | H5: 2 | I5: 0 | J5: =SUM(D5:I5) -> 9 | K5: =IF(J5>=15,"P1",IF(J5>=10,"P2","P3")) -> P3
B6: ='ListeProjets_A faire'!#REF! -> #REF! | C6: ='ListeProjets_A faire'!#REF! -> #REF! | D6: 0 | E6: 4 | F6: 2 | G6: 1 | H6: 2 | I6: 2 | J6: =SUM(D6:I6) -> 11 | K6: =IF(J6>=15,"P1",IF(J6>=10,"P2","P3")) -> P2
B7: ='ListeProjets_A faire'!C5 -> Projet 4 | C7: ='ListeProjets_A faire'!I5 -> Interventions | D7: 0 | E7: 4 | F7: 2 | G7: 3 | H7: 1 | I7: 2 | J7: =SUM(D7:I7) -> 12 | K7: =IF(J7>=15,"P1",IF(J7>=10,"P2","P3")) -> P2 | L7: $ il manque le virement pour rehausser les TQ
B8: ='ListeProjets_A faire'!C6 -> Projet 5 | C8: ='ListeProjets_A faire'!I6 -> Interventions | D8: 0 | E8: 2 | J8: =SUM(D8:I8) -> 2 | K8: =IF(J8>=15,"P1",IF(J8>=10,"P2","P3")) -> P3
B9: ='ListeProjets_A faire'!C17 -> 0 | C9: ='ListeProjets_A faire'!I17 -> 0 | J9: =SUM(D9:I9) -> 0 | K9: =IF(J9>=15,"P1",IF(J9>=10,"P2","P3")) -> P3
B10: ='ListeProjets_A faire'!C18 -> 0 | C10: ='ListeProjets_A faire'!I18 -> 0 | D10: 5 | E10: 2 | F10: 4 | G10: 1 | H10: 2 | I10: 2 | J10: =SUM(D10:I10) -> 16 | K10: =IF(J10>=15,"P1",IF(J10>=10,"P2","P3")) -> P1
B11: ='ListeProjets_A faire'!#REF! -> #REF! | C11: ='ListeProjets_A faire'!#REF! -> #REF! | J11: =SUM(D11:I11) -> 0 | K11: =IF(J11>=15,"P1",IF(J11>=10,"P2","P3")) -> P3
B12: ='ListeProjets_A faire'!#REF! -> #REF! | C12: ='ListeProjets_A faire'!#REF! -> #REF! | D12: 0 | E12: 4 | F12: 2 | G12: 1 | H12: 2 | I12: 2 | J12: =SUM(D12:I12) -> 11 | K12: =IF(J12>=15,"P1",IF(J12>=10,"P2","P3")) -> P2
B13: ='ListeProjets_A faire'!#REF! -> #REF! | C13: ='ListeProjets_A faire'!#REF! -> #REF! | D13: 0 | E13: 2 | F13: 2 | G13: 1 | H13: 1 | I13: 0 | J13: =SUM(D13:I13) -> 6 | K13: =IF(J13>=15,"P1",IF(J13>=10,"P2","P3")) -> P3 | L13: Important dans l'ofs du sdis et la relation partenariale- Grande attente des arros.
B14: ='ListeProjets_A faire'!#REF! -> #REF! | C14: ='ListeProjets_A faire'!#REF! -> #REF! | D14: 5 | E14: 4 | F14: 2 | G14: 3 | H14: 1 | I14: 2 | J14: =SUM(D14:I14) -> 17 | K14: =IF(J14>=15,"P1",IF(J14>=10,"P2","P3")) -> P1
B15: ='ListeProjets_A faire'!#REF! -> #REF! | C15: ='ListeProjets_A faire'!#REF! -> #REF! | J15: =SUM(D15:I15) -> 0 | K15: =IF(J15>=15,"P1",IF(J15>=10,"P2","P3")) -> P3
B16: ='ListeProjets_A faire'!#REF! -> #REF! | C16: ='ListeProjets_A faire'!#REF! -> #REF! | J16: =SUM(D16:I16) -> 0 | K16: =IF(J16>=15,"P1",IF(J16>=10,"P2","P3")) -> P3
B17: ='ListeProjets_A faire'!#REF! -> #REF! | C17: ='ListeProjets_A faire'!#REF! -> #REF! | D17: 0 | E17: 4 | F17: 4 | G17: 1 | H17: 2 | I17: 2 | J17: =SUM(D17:I17) -> 13 | K17: =IF(J17>=15,"P1",IF(J17>=10,"P2","P3")) -> P2
B18: ='ListeProjets_A faire'!#REF! -> #REF! | C18: ='ListeProjets_A faire'!#REF! -> #REF! | D18: 5 | E18: 2 | F18: 2 | G18: 3 | H18: 2 | I18: 0 | J18: =SUM(D18:I18) -> 14 | K18: =IF(J18>=15,"P1",IF(J18>=10,"P2","P3")) -> P2
B19: Agir ensemble contre la pauvreté et l'exclusion sociale 2024-2029 (Local) | C19: ='ListeProjets_A faire'!#REF! -> #REF! | D19: 0 | E19: 4 | F19: 2 | G19: 1 | H19: 2 | I19: 2 | J19: =SUM(D19:I19) -> 11 | K19: =IF(J19>=15,"P1",IF(J19>=10,"P2","P3")) -> P2
B20: ='ListeProjets_A faire'!#REF! -> #REF! | C20: ='ListeProjets_A faire'!#REF! -> #REF! | J20: =SUM(D20:I20) -> 0 | K20: =IF(J20>=15,"P1",IF(J20>=10,"P2","P3")) -> P3
B21: ='ListeProjets_A faire'!#REF! -> #REF! | C21: ='ListeProjets_A faire'!#REF! -> #REF! | J21: =SUM(D21:I21) -> 0 | K21: =IF(J21>=15,"P1",IF(J21>=10,"P2","P3")) -> P3
B22: ='ListeProjets_A faire'!#REF! -> #REF! | C22: ='ListeProjets_A faire'!#REF! -> #REF! | D22: 0 | E22: 4 | F22: 4 | G22: 1 | H22: 2 | I22: 2 | J22: =SUM(D22:I22) -> 13 | K22: =IF(J22>=15,"P1",IF(J22>=10,"P2","P3")) -> P2 | L22: Impact important avec arrimages demandés
B23: ='ListeProjets_A faire'!#REF! -> #REF! | C23: Projets spéciaux | D23: 5 | E23: 4 | F23: 4 | G23: 3 | H23: 1 | I23: 0 | J23: =SUM(D23:I23) -> 17 | K23: =IF(J23>=15,"P1",IF(J23>=10,"P2","P3")) -> P1
B24: ='ListeProjets_A faire'!#REF! -> #REF! | C24: ='ListeProjets_A faire'!#REF! -> #REF! | J24: =SUM(D24:I24) -> 0 | K24: =IF(J24>=15,"P1",IF(J24>=10,"P2","P3")) -> P3
B25: ='ListeProjets_A faire'!#REF! -> #REF! | C25: ='ListeProjets_A faire'!#REF! -> #REF! | J25: =SUM(D25:I25) -> 0 | K25: =IF(J25>=15,"P1",IF(J25>=10,"P2","P3")) -> P3
B26: ='ListeProjets_A faire'!#REF! -> #REF! | C26: ='ListeProjets_A faire'!#REF! -> #REF! | D26: 0 | E26: 4 | F26: 4 | G26: 1 | H26: 2 | I26: 2 | J26: =SUM(D26:I26) -> 13 | K26: =IF(J26>=15,"P1",IF(J26>=10,"P2","P3")) -> P2
B27: ='ListeProjets_A faire'!#REF! -> #REF! | C27: ='ListeProjets_A faire'!#REF! -> #REF! | D27: 5 | E27: 4 | F27: 4 | G27: 3 | H27: 2 | I27: 2 | J27: =SUM(D27:I27) -> 20 | K27: =IF(J27>=15,"P1",IF(J27>=10,"P2","P3")) -> P1 | L27: Augmentation du budget possible - En attente d'orientation
B28: ='ListeProjets_A faire'!#REF! -> #REF! | C28: ='ListeProjets_A faire'!#REF! -> #REF! | J28: =SUM(D28:I28) -> 0 | K28: =IF(J28>=15,"P1",IF(J28>=10,"P2","P3")) -> P3
B29: ='ListeProjets_A faire'!#REF! -> #REF! | C29: ='ListeProjets_A faire'!#REF! -> #REF! | D29: 0 | E29: 2 | J29: =SUM(D29:I29) -> 2 | K29: =IF(J29>=15,"P1",IF(J29>=10,"P2","P3")) -> P3
B30: ='ListeProjets_A faire'!#REF! -> #REF! | C30: ='ListeProjets_A faire'!#REF! -> #REF! | J30: =SUM(D30:I30) -> 0 | K30: =IF(J30>=15,"P1",IF(J30>=10,"P2","P3")) -> P3
B31: ='ListeProjets_A faire'!#REF! -> #REF! | C31: ='ListeProjets_A faire'!#REF! -> #REF! | J31: =SUM(D31:I31) -> 0 | K31: =IF(J31>=15,"P1",IF(J31>=10,"P2","P3")) -> P3
B32: ='ListeProjets_A faire'!#REF! -> #REF! | C32: ='ListeProjets_A faire'!#REF! -> #REF! | D32: 0 | E32: 4 | F32: 2 | G32: 1 | H32: 2 | I32: 2 | J32: =SUM(D32:I32) -> 11 | K32: =IF(J32>=15,"P1",IF(J32>=10,"P2","P3")) -> P2
B33: ='ListeProjets_A faire'!#REF! -> #REF! | C33: ='ListeProjets_A faire'!#REF! -> #REF! | D33: 0 | E33: 4 | F33: 4 | G33: 3 | H33: 2 | I33: 0 | J33: =SUM(D33:I33) -> 13 | K33: =IF(J33>=15,"P1",IF(J33>=10,"P2","P3")) -> P2
B34: ='ListeProjets_A faire'!#REF! -> #REF! | C34: ='ListeProjets_A faire'!#REF! -> #REF! | D34: 0 | E34: 4 | F34: 2 | G34: 3 | H34: 2 | I34: 2 | J34: =SUM(D34:I34) -> 13 | K34: =IF(J34>=15,"P1",IF(J34>=10,"P2","P3")) -> P2
B35: ='ListeProjets_A faire'!#REF! -> #REF! | C35: ='ListeProjets_A faire'!#REF! -> #REF! | D35: 0 | E35: 4 | F35: 4 | G35: 3 | H35: 2 | I35: 2 | J35: =SUM(D35:I35) -> 15 | K35: =IF(J35>=15,"P1",IF(J35>=10,"P2","P3")) -> P1
B36: ='ListeProjets_A faire'!#REF! -> #REF! | C36: ='ListeProjets_A faire'!#REF! -> #REF! | D36: 0 | E36: 4 | F36: 4 | G36: 3 | H36: 2 | I36: 0 | J36: =SUM(D36:I36) -> 13 | K36: =IF(J36>=15,"P1",IF(J36>=10,"P2","P3")) -> P2
B37: ='ListeProjets_A faire'!#REF! -> #REF! | C37: ='ListeProjets_A faire'!#REF! -> #REF! | D37: 5 | E37: 4 | F37: 4 | G37: 1 | H37: 2 | I37: 2 | J37: =SUM(D37:I37) -> 18 | K37: =IF(J37>=15,"P1",IF(J37>=10,"P2","P3")) -> P1
B38: ='ListeProjets_A faire'!#REF! -> #REF! | C38: ='ListeProjets_A faire'!#REF! -> #REF! | D38: 5 | E38: 4 | F38: 4 | G38: 1 | H38: 2 | I38: 2 | J38: =SUM(D38:I38) -> 18 | K38: =IF(J38>=15,"P1",IF(J38>=10,"P2","P3")) -> P1
B39: ='ListeProjets_A faire'!#REF! -> #REF! | C39: ='ListeProjets_A faire'!#REF! -> #REF! | J39: =SUM(D39:I39) -> 0 | K39: =IF(J39>=15,"P1",IF(J39>=10,"P2","P3")) -> P3
B40: ='ListeProjets_A faire'!#REF! -> #REF! | C40: ='ListeProjets_A faire'!#REF! -> #REF! | D40: 5 | E40: 2 | F40: 4 | G40: 1 | H40: 2 | I40: 2 | J40: =SUM(D40:I40) -> 16 | K40: =IF(J40>=15,"P1",IF(J40>=10,"P2","P3")) -> P1
B41: ='ListeProjets_A faire'!#REF! -> #REF! | C41: ='ListeProjets_A faire'!#REF! -> #REF! | D41: 5 | E41: 4 | F41: 4 | G41: 1 | H41: 0 | I41: 0 | J41: =SUM(D41:I41) -> 14 | K41: =IF(J41>=15,"P1",IF(J41>=10,"P2","P3")) -> P2 | L41: Besoin d'orientations
B42: ='ListeProjets_A faire'!#REF! -> #REF! | C42: ='ListeProjets_A faire'!#REF! -> #REF! | D42: 5 | E42: 4 | F42: 4 | G42: 1 | H42: 2 | I42: 2 | J42: =SUM(D42:I42) -> 18 | K42: =IF(J42>=15,"P1",IF(J42>=10,"P2","P3")) -> P1 | L42: Transition à assurer (?) si la négociation d'une entente est retardée
B43: ='ListeProjets_A faire'!#REF! -> #REF! | C43: ='ListeProjets_A faire'!#REF! -> #REF! | D43: 0 | E43: 4 | F43: 4 | G43: 1 | H43: 1 | I43: 2 | J43: =SUM(D43:I43) -> 12 | K43: =IF(J43>=15,"P1",IF(J43>=10,"P2","P3")) -> P2
B44: ='ListeProjets_A faire'!#REF! -> #REF! | C44: ='ListeProjets_A faire'!#REF! -> #REF! | D44: 0 | E44: 4 | F44: 4 | G44: 3 | H44: 0 | I44: 0 | J44: =SUM(D44:I44) -> 11 | K44: =IF(J44>=15,"P1",IF(J44>=10,"P2","P3")) -> P2
B45: ='ListeProjets_A faire'!#REF! -> #REF! | C45: ='ListeProjets_A faire'!#REF! -> #REF! | D45: 0 | E45: 2 | F45: 2 | G45: 1 | H45: 1 | I45: 2 | J45: =SUM(D45:I45) -> 8 | K45: =IF(J45>=15,"P1",IF(J45>=10,"P2","P3")) -> P3
B46: ='ListeProjets_A faire'!#REF! -> #REF! | C46: ='ListeProjets_A faire'!#REF! -> #REF! | J46: =SUM(D46:I46) -> 0 | K46: =IF(J46>=15,"P1",IF(J46>=10,"P2","P3")) -> P3
B47: ='ListeProjets_A faire'!#REF! -> #REF! | C47: ='ListeProjets_A faire'!#REF! -> #REF! | D47: 5 | E47: 4 | F47: 4 | G47: 3 | H47: 2 | I47: 0 | J47: =SUM(D47:I47) -> 18 | K47: =IF(J47>=15,"P1",IF(J47>=10,"P2","P3")) -> P1
B49: ='ListeProjets_A faire'!#REF! -> #REF! | C49: ='ListeProjets_A faire'!#REF! -> #REF! | J49: =SUM(D49:I49) -> 0 | K49: =IF(J49>=15,"P1",IF(J49>=10,"P2","P3")) -> P3
B50: ='ListeProjets_A faire'!#REF! -> #REF! | C50: ='ListeProjets_A faire'!#REF! -> #REF! | J50: =SUM(D50:I50) -> 0 | K50: =IF(J50>=15,"P1",IF(J50>=10,"P2","P3")) -> P3
B51: ='ListeProjets_A faire'!#REF! -> #REF! | C51: ='ListeProjets_A faire'!#REF! -> #REF! | D51: 5 | E51: 4 | F51: 4 | G51: 3 | H51: 2 | I51: 2 | J51: =SUM(D51:I51) -> 20 | K51: =IF(J51>=15,"P1",IF(J51>=10,"P2","P3")) -> P1 | L51: Fermeture des projets en T1 2026
B52: ='ListeProjets_A faire'!#REF! -> #REF! | C52: ='ListeProjets_A faire'!#REF! -> #REF! | J52: =SUM(D52:I52) -> 0 | K52: =IF(J52>=15,"P1",IF(J52>=10,"P2","P3")) -> P3
B53: ='ListeProjets_A faire'!#REF! -> #REF! | C53: ='ListeProjets_A faire'!#REF! -> #REF! | D53: 0 | E53: 2 | F53: 2 | G53: 3 | H53: 2 | I53: 2 | J53: =SUM(D53:I53) -> 11 | K53: =IF(J53>=15,"P1",IF(J53>=10,"P2","P3")) -> P2
B54: ='ListeProjets_A faire'!#REF! -> #REF! | C54: ='ListeProjets_A faire'!#REF! -> #REF! | D54: 5 | E54: 4 | F54: 4 | G54: 3 | H54: 2 | I54: 2 | J54: =SUM(D54:I54) -> 20 | K54: =IF(J54>=15,"P1",IF(J54>=10,"P2","P3")) -> P1
B55: ='ListeProjets_A faire'!#REF! -> #REF! | C55: ='ListeProjets_A faire'!#REF! -> #REF! | D55: 0 | E55: 4 | F55: 4 | G55: 1 | H55: 1 | I55: 2 | J55: =SUM(D55:I55) -> 12 | K55: =IF(J55>=15,"P1",IF(J55>=10,"P2","P3")) -> P2
B56: ='ListeProjets_A faire'!#REF! -> #REF! | C56: ='ListeProjets_A faire'!#REF! -> #REF! | D56: 5 | E56: 4 | F56: 2 | G56: 1 | H56: 2 | I56: 2 | J56: =SUM(D56:I56) -> 16 | K56: =IF(J56>=15,"P1",IF(J56>=10,"P2","P3")) -> P1
B57: ='ListeProjets_A faire'!#REF! -> #REF! | C57: ='ListeProjets_A faire'!#REF! -> #REF! | J57: =SUM(D57:I57) -> 0 | K57: =IF(J57>=15,"P1",IF(J57>=10,"P2","P3")) -> P3
B58: ='ListeProjets_A faire'!#REF! -> #REF! | C58: ='ListeProjets_A faire'!#REF! -> #REF! | D58: 0 | E58: 2 | F58: 2 | G58: 3 | H58: 2 | I58: 2 | J58: =SUM(D58:I58) -> 11 | K58: =IF(J58>=15,"P1",IF(J58>=10,"P2","P3")) -> P2
B59: ='ListeProjets_A faire'!#REF! -> #REF! | C59: ='ListeProjets_A faire'!#REF! -> #REF! | J59: =SUM(D59:I59) -> 0 | K59: =IF(J59>=15,"P1",IF(J59>=10,"P2","P3")) -> P3
B60: ='ListeProjets_A faire'!#REF! -> #REF! | C60: ='ListeProjets_A faire'!#REF! -> #REF! | D60: 5 | E60: 4 | F60: 4 | G60: 3 | H60: 2 | I60: 2 | J60: =SUM(D60:I60) -> 20 | K60: =IF(J60>=15,"P1",IF(J60>=10,"P2","P3")) -> P1
B61: ='ListeProjets_A faire'!#REF! -> #REF! | C61: ='ListeProjets_A faire'!#REF! -> #REF! | D61: 0 | E61: 4 | F61: 4 | G61: 1 | H61: 2 | I61: 2 | J61: =SUM(D61:I61) -> 13 | K61: =IF(J61>=15,"P1",IF(J61>=10,"P2","P3")) -> P2
B62: ='ListeProjets_A faire'!#REF! -> #REF! | C62: ='ListeProjets_A faire'!#REF! -> #REF! | J62: =SUM(D62:I62) -> 0 | K62: =IF(J62>=15,"P1",IF(J62>=10,"P2","P3")) -> P3 | L62: Doublon (Ligne17)
B63: ='ListeProjets_A faire'!#REF! -> #REF! | C63: ='ListeProjets_A faire'!#REF! -> #REF! | D63: 5 | E63: 2 | F63: 2 | G63: 3 | H63: 2 | I63: 2 | J63: =SUM(D63:I63) -> 16 | K63: =IF(J63>=15,"P1",IF(J63>=10,"P2","P3")) -> P1
B64: ='ListeProjets_A faire'!#REF! -> #REF! | C64: ='ListeProjets_A faire'!#REF! -> #REF! | D64: 5 | E64: 4 | F64: 4 | G64: 1 | H64: 0 | I64: 0 | J64: =SUM(D64:I64) -> 14 | K64: =IF(J64>=15,"P1",IF(J64>=10,"P2","P3")) -> P2
B65: ='ListeProjets_A faire'!#REF! -> #REF! | C65: ='ListeProjets_A faire'!#REF! -> #REF! | D65: 0 | E65: 4 | F65: 2 | G65: 1 | H65: 2 | I65: 2 | J65: =SUM(D65:I65) -> 11 | K65: =IF(J65>=15,"P1",IF(J65>=10,"P2","P3")) -> P2
B66: ='ListeProjets_A faire'!#REF! -> #REF! | C66: ='ListeProjets_A faire'!#REF! -> #REF! | J66: =SUM(D66:I66) -> 0 | K66: =IF(J66>=15,"P1",IF(J66>=10,"P2","P3")) -> P3
B67: ='ListeProjets_A faire'!#REF! -> #REF! | C67: DIASO | D67: 5 | E67: 2 | F67: 2 | G67: 3 | H67: 2 | I67: 2 | J67: =SUM(D67:I67) -> 16 | K67: =IF(J67>=15,"P1",IF(J67>=10,"P2","P3")) -> P1
B68: ='ListeProjets_A faire'!#REF! -> #REF! | C68: DIASO, Stratégie | D68: 0 | F68: 2 | G68: 1 | I68: 0 | J68: =SUM(D68:I68) -> 3 | K68: =IF(J68>=15,"P1",IF(J68>=10,"P2","P3")) -> P3
B69: ='ListeProjets_A faire'!#REF! -> #REF! | C69: ='ListeProjets_A faire'!#REF! -> #REF! | J69: =SUM(D69:I69) -> 0 | K69: =IF(J69>=15,"P1",IF(J69>=10,"P2","P3")) -> P3
B70: ='ListeProjets_A faire'!#REF! -> #REF! | C70: ='ListeProjets_A faire'!#REF! -> #REF! | D70: 0 | E70: 2 | F70: 4 | G70: 3 | H70: 2 | I70: 2 | J70: =SUM(D70:I70) -> 13 | K70: =IF(J70>=15,"P1",IF(J70>=10,"P2","P3")) -> P2
B71: ='ListeProjets_A faire'!#REF! -> #REF! | C71: ='ListeProjets_A faire'!#REF! -> #REF! | D71: 0 | E71: 4 | F71: 4 | G71: 1 | H71: 1 | I71: 2 | J71: =SUM(D71:I71) -> 12 | K71: =IF(J71>=15,"P1",IF(J71>=10,"P2","P3")) -> P2
B72: ='ListeProjets_A faire'!#REF! -> #REF! | C72: ='ListeProjets_A faire'!#REF! -> #REF! | D72: 0 | E72: 2 | F72: 2 | G72: 1 | H72: 2 | I72: 2 | J72: =SUM(D72:I72) -> 9 | K72: =IF(J72>=15,"P1",IF(J72>=10,"P2","P3")) -> P3
B73: ='ListeProjets_A faire'!#REF! -> #REF! | C73: ='ListeProjets_A faire'!#REF! -> #REF! | D73: 0 | E73: 2 | F73: 2 | G73: 3 | H73: 2 | I73: 2 | J73: =SUM(D73:I73) -> 11 | K73: =IF(J73>=15,"P1",IF(J73>=10,"P2","P3")) -> P2
B74: ='ListeProjets_A faire'!#REF! -> #REF! | C74: ='ListeProjets_A faire'!#REF! -> #REF! | D74: 5 | E74: 2 | F74: 2 | G74: 1 | H74: 2 | I74: 2 | J74: =SUM(D74:I74) -> 14 | K74: =IF(J74>=15,"P1",IF(J74>=10,"P2","P3")) -> P2
B75: ='ListeProjets_A faire'!#REF! -> #REF! | C75: ='ListeProjets_A faire'!#REF! -> #REF! | D75: 0 | E75: 4 | F75: 4 | G75: 1 | H75: 1 | I75: 2 | J75: =SUM(D75:I75) -> 12 | K75: =IF(J75>=15,"P1",IF(J75>=10,"P2","P3")) -> P2
B76: ='ListeProjets_A faire'!#REF! -> #REF! | C76: ='ListeProjets_A faire'!#REF! -> #REF! | J76: =SUM(D76:I76) -> 0 | K76: =IF(J76>=15,"P1",IF(J76>=10,"P2","P3")) -> P3
B77: ='ListeProjets_A faire'!#REF! -> #REF! | C77: ='ListeProjets_A faire'!#REF! -> #REF! | J77: =SUM(D77:I77) -> 0 | K77: =IF(J77>=15,"P1",IF(J77>=10,"P2","P3")) -> P3
B78: ='ListeProjets_A faire'!#REF! -> #REF! | C78: ='ListeProjets_A faire'!#REF! -> #REF! | J78: =SUM(D78:I78) -> 0 | K78: =IF(J78>=15,"P1",IF(J78>=10,"P2","P3")) -> P3
B79: ='ListeProjets_A faire'!#REF! -> #REF! | C79: ='ListeProjets_A faire'!#REF! -> #REF! | D79: 0 | E79: 2 | F79: 2 | G79: 3 | H79: 1 | I79: 0 | J79: =SUM(D79:I79) -> 8 | K79: =IF(J79>=15,"P1",IF(J79>=10,"P2","P3")) -> P3
B80: ='ListeProjets_A faire'!#REF! -> #REF! | C80: ='ListeProjets_A faire'!#REF! -> #REF! | D80: 5 | E80: 2 | F80: 4 | G80: 3 | H80: 0 | I80: 0 | J80: =SUM(D80:I80) -> 14 | K80: =IF(J80>=15,"P1",IF(J80>=10,"P2","P3")) -> P2
B81: ='ListeProjets_A faire'!#REF! -> #REF! | C81: ='ListeProjets_A faire'!#REF! -> #REF! | D81: 5 | E81: 0 | F81: 2 | G81: 3 | H81: 2 | I81: 2 | J81: =SUM(D81:I81) -> 14 | K81: =IF(J81>=15,"P1",IF(J81>=10,"P2","P3")) -> P2 | L81: Commission des finances impliquée
B82: ='ListeProjets_A faire'!#REF! -> #REF! | C82: ='ListeProjets_A faire'!#REF! -> #REF! | J82: =SUM(D82:I82) -> 0 | K82: =IF(J82>=15,"P1",IF(J82>=10,"P2","P3")) -> P3
B83: ='ListeProjets_A faire'!#REF! -> #REF! | C83: ='ListeProjets_A faire'!#REF! -> #REF! | J83: =SUM(D83:I83) -> 0 | K83: =IF(J83>=15,"P1",IF(J83>=10,"P2","P3")) -> P3
B84: ='ListeProjets_A faire'!#REF! -> #REF! | C84: ='ListeProjets_A faire'!#REF! -> #REF! | J84: =SUM(D84:I84) -> 0 | K84: =IF(J84>=15,"P1",IF(J84>=10,"P2","P3")) -> P3
B85: ='ListeProjets_A faire'!#REF! -> #REF! | C85: ='ListeProjets_A faire'!#REF! -> #REF! | D85: 0 | E85: 4 | F85: 4 | G85: 1 | H85: 1 | I85: 2 | J85: =SUM(D85:I85) -> 12 | K85: =IF(J85>=15,"P1",IF(J85>=10,"P2","P3")) -> P2
B86: ='ListeProjets_A faire'!#REF! -> #REF! | C86: ='ListeProjets_A faire'!#REF! -> #REF! | D86: 0 | E86: 4 | F86: 4 | G86: 1 | H86: 1 | I86: 2 | J86: =SUM(D86:I86) -> 12 | K86: =IF(J86>=15,"P1",IF(J86>=10,"P2","P3")) -> P2
B87: ='ListeProjets_A faire'!#REF! -> #REF! | C87: ='ListeProjets_A faire'!#REF! -> #REF! | D87: 0 | E87: 4 | F87: 4 | G87: 1 | H87: 1 | I87: 2 | J87: =SUM(D87:I87) -> 12 | K87: =IF(J87>=15,"P1",IF(J87>=10,"P2","P3")) -> P2
B88: ='ListeProjets_A faire'!#REF! -> #REF! | C88: ='ListeProjets_A faire'!#REF! -> #REF! | D88: 0 | E88: 2 | F88: 2 | G88: 1 | H88: 2 | I88: 2 | J88: =SUM(D88:I88) -> 9 | K88: =IF(J88>=15,"P1",IF(J88>=10,"P2","P3")) -> P3 | L88: Comprend un volet évaluation
B89: ='ListeProjets_A faire'!#REF! -> #REF! | C89: ='ListeProjets_A faire'!#REF! -> #REF! | D89: 0 | E89: 4 | F89: 2 | G89: 1 | H89: 1 | I89: 0 | J89: =SUM(D89:I89) -> 8 | K89: =IF(J89>=15,"P1",IF(J89>=10,"P2","P3")) -> P3 | L89: *Risque RH dédiée temporaire. Comprend : Adaptation programmes aux réalités autochtones, financement souple, etc.
B90: ='ListeProjets_A faire'!#REF! -> #REF! | C90: ='ListeProjets_A faire'!#REF! -> #REF! | D90: 0 | E90: 0 | F90: 2 | G90: 1 | H90: 1 | I90: 0 | J90: =SUM(D90:I90) -> 4 | K90: =IF(J90>=15,"P1",IF(J90>=10,"P2","P3")) -> P3
B91: ='ListeProjets_A faire'!#REF! -> #REF! | C91: ='ListeProjets_A faire'!#REF! -> #REF! | D91: 0 | E91: 0 | F91: 2 | G91: 1 | H91: 1 | I91: 0 | J91: =SUM(D91:I91) -> 4 | K91: =IF(J91>=15,"P1",IF(J91>=10,"P2","P3")) -> P3
B92: ='ListeProjets_A faire'!#REF! -> #REF! | C92: ='ListeProjets_A faire'!#REF! -> #REF! | D92: 0 | E92: 0 | F92: 2 | G92: 1 | H92: 1 | I92: 0 | J92: =SUM(D92:I92) -> 4 | K92: =IF(J92>=15,"P1",IF(J92>=10,"P2","P3")) -> P3
B93: ='ListeProjets_A faire'!#REF! -> #REF! | C93: ='ListeProjets_A faire'!#REF! -> #REF! | D93: 0 | E93: 0 | F93: 2 | G93: 1 | H93: 1 | I93: 0 | J93: =SUM(D93:I93) -> 4 | K93: =IF(J93>=15,"P1",IF(J93>=10,"P2","P3")) -> P3
B94: ='ListeProjets_A faire'!#REF! -> #REF! | C94: ='ListeProjets_A faire'!#REF! -> #REF! | D94: 0 | E94: 0 | F94: 2 | G94: 1 | H94: 1 | I94: 0 | J94: =SUM(D94:I94) -> 4 | K94: =IF(J94>=15,"P1",IF(J94>=10,"P2","P3")) -> P3
B95: ='ListeProjets_A faire'!#REF! -> #REF! | C95: ='ListeProjets_A faire'!#REF! -> #REF! | D95: 0 | E95: 0 | F95: 2 | G95: 1 | H95: 1 | I95: 0 | J95: =SUM(D95:I95) -> 4 | K95: =IF(J95>=15,"P1",IF(J95>=10,"P2","P3")) -> P3
B96: ='ListeProjets_A faire'!#REF! -> #REF! | C96: ='ListeProjets_A faire'!#REF! -> #REF! | D96: 0 | E96: 0 | F96: 2 | G96: 1 | H96: 1 | I96: 0 | J96: =SUM(D96:I96) -> 4 | K96: =IF(J96>=15,"P1",IF(J96>=10,"P2","P3")) -> P3
B97: ='ListeProjets_A faire'!#REF! -> #REF! | C97: ='ListeProjets_A faire'!#REF! -> #REF! | D97: 0 | E97: 0 | F97: 2 | G97: 1 | H97: 1 | I97: 0 | J97: =SUM(D97:I97) -> 4 | K97: =IF(J97>=15,"P1",IF(J97>=10,"P2","P3")) -> P3
B98: ='ListeProjets_A faire'!#REF! -> #REF! | C98: ='ListeProjets_A faire'!#REF! -> #REF! | D98: 0 | E98: 0 | F98: 2 | G98: 1 | H98: 1 | I98: 0 | J98: =SUM(D98:I98) -> 4 | K98: =IF(J98>=15,"P1",IF(J98>=10,"P2","P3")) -> P3
B99: ='ListeProjets_A faire'!#REF! -> #REF! | C99: ='ListeProjets_A faire'!#REF! -> #REF! | D99: 0 | E99: 0 | F99: 2 | G99: 1 | H99: 1 | I99: 0 | J99: =SUM(D99:I99) -> 4 | K99: =IF(J99>=15,"P1",IF(J99>=10,"P2","P3")) -> P3
B100: ='ListeProjets_A faire'!#REF! -> #REF! | C100: ='ListeProjets_A faire'!#REF! -> #REF! | D100: 0 | E100: 2 | F100: 2 | G100: 3 | H100: 2 | I100: 2 | J100: =SUM(D100:I100) -> 11 | K100: =IF(J100>=15,"P1",IF(J100>=10,"P2","P3")) -> P2
B101: ='ListeProjets_A faire'!#REF! -> #REF! | C101: ='ListeProjets_A faire'!#REF! -> #REF! | D101: 0 | E101: 2 | F101: 4 | G101: 1 | H101: 1 | I101: 0 | J101: =SUM(D101:I101) -> 8 | K101: =IF(J101>=15,"P1",IF(J101>=10,"P2","P3")) -> P3
...
